Workbook

Sheet Содержание
B7: ВОПРОСНИК О МЕХАНИЗМАХ ДЛЯ ПОВЫШЕНИЯ СОГЛАСОВАННОСТИ ПОЛИТИКИ В ОБЛАСТИ УСТОЙЧИВОГО РАЗВИТИЯ
B8: Для поддержки отчетности по показателю ЦУР 17.14.1
B12: Если у вас есть вопросы, свяжитесь с нами по следующему адресу электронной почты: | D12: ЮНЕП: | E12: unep-oos-sdgs@un.org
D13: ОЭСР: | E13: pcsd.contact@oecd.org
B15: СОДЕРЖАНИЕ
B17: Лист | C17: Название | E17: Статус
B18: Содержание | C18: Содержание | E18: для информации
B19: Введение | C19: Введение, методология, шаги для выполнения | E19: для информации
B20: Глоссарий | C20: Глоссарий терминов | E20: для информации
B21: Таблица P1 | C21: Измерение согласованности политики | E21: заполнить
B22: Баллы | C22: Описание баллов согласно вопросу и уровню внедрения механизма, с примерами | E22: для информации
B23: Таблица P2 | C23: Дополнительный информационный лист | E23: заполнить

Sheet Введение
B2: ВВЕДЕНИЕ
B4: Сбор данных организован совместно Программой ООН по окружающей среде (ЮНЕП) и Организацией экономического сотрудничества и развития (ОЭСР) для подготовки отчётности по показателю 17.14.1 Целей устойчивого развития (ЦУР) «Число стран, в которых созданы механизмы для повышения согласованности политики в области устойчивого развития». Данные будут проанализированы ЮНЕП и ОЭСР для использования в международной работе и предоставлены пользователям по всему миру.
B5: Вопросник направляется непосредственно в страны и адресуется назначенному координатору или, если координатор не назначен, координатору по ЦУР. Поскольку информация, запрашиваемая в этом вопроснике, может быть предоставлена различными ведомствами страны, координатору предлагается тесно сотрудничать с различными заинтересованными сторонами, объединить информацию, полученную от этих заинтересованных сторон, в один вопросник и вернуть его отправляющей международной организации, как указано в сопроводительном письме.
B7: МЕТОДОЛОГИЯ
B9: Механизмы повышения согласованности политики могут значительно различаться в разных странах и принимать различные формы. Однако, основываясь на существующей практике, можно выделить ряд механизмов, которые, вероятно, будут способствовать повышению согласованности политики в интересах устойчивого развития, и, следовательно, наличие сочетания этих механизмов в конкретной стране будет свидетельствовать о прогрессе в достижении показателя ЦУР 17.14.1.
B10: Согласованность политики в интересах устойчивого развития (СПУР) – это подход, направленный на интеграцию аспектов устойчивого развития в процесс формирования внутренней, международной и системной политики. В контексте Повестки дня на период до 2030 года её целями являются содействие комплексной реализации Повестки дня на период до 2030 года посредством: (i) содействия синергии и максимизации выгод в различных областях экономической, социальной и экологической политики и институциональных рамок; (ii) достижения баланса между целями внутренней политики, институциональными рамками, международно признанными целями устойчивого развития и другими международными соглашениями/рамками; и (iii) учета трансграничных и долгосрочных последствий политики, в том числе тех, которые могут затронуть развивающиеся страны.
B11: ЮНЕП и ОЭСР разработали комплексную рамочную основу для ЦУР 17.14.1, основанную на первоначальных исследованиях существующих работ, литературы, партнёров и существующих показателей по аналогичным вопросам. Этот показатель учитывает институциональные и организационные механизмы, которые могут способствовать укреплению СПУР по восьми темам: 1. Политическая приверженность 2. Долгосрочное видение 3. Интеграция устойчивого развития в политику и финансы 4. Координация на уровне всего правительства 5. Субнациональное взаимодействие 6. Взаимодействие с заинтересованными сторонами 7. Оценка воздействия 8. Мониторинг, оценка и отчетность
B12: Каждая из восьми тем оценивается по шкале от 0 до 12, где 0 означает, что ни один из запрошенных механизмов не реализован, а 12 означает, что все запрошенные механизмы внедрены и полностью реализованы. Максимальное значение по всем восьми темам составляет 96 баллов. Для целей отчетности по показателю ЦУР 17.14.1 оценка по шкале 96 баллов преобразуется в проценты.
B13: Каждая тема включает три вопроса, оцениваемых по шкале от 0 до 4, что указывает на уровень внедрения механизма, указанного в вопросе. Общее описание уровня внедрения и баллы приведены ниже, а более подробное описание — в таблице «Баллы».
B14: 0 - Не ​разработан
B15: Механизма не существует, и нет никаких планов и действий по его развитию.
B16: 1 - В разработке
... B44: Данные будут использоваться для глобальной отчётности по показателю ЦУР 17.14.1, поскольку он находится под контролем ЮНЕП и ОЭСР. ЮНЕП и ОЭСР проанализируют и подтвердят ответы стран, а затем представят результаты в Статистический отдел Организации Объединённых Наций (СОООН) для публикации в Глобальной базе данных ЦУР. ЮНЕП и ОЭСР также будут использовать эти данные для отслеживания согласованности национальной и субнациональной политики как в количественном, так и в качественном отношении, а также для информирования о любых мероприятиях по наращиванию потенциала или поддержке, которые могут проводиться в странах-респондентах. Эти данные также будут использоваться для отчётности об усилиях стран, присоединившихся к Рекомендации ОЭСР по согласованности политики в интересах устойчивого развития, для поддержки взаимного обучения и диалога по вопросам политики. Соблюдение этой Рекомендации открыто для всех стран.

Sheet Глоссарий
B2: Глоссарий терминов
B4: Согласованность политики в интересах устойчивого развития (СПУР):
B5: Подход к интеграции аспектов устойчивого развития в процесс разработки внутренней, международной и системной политики. В контексте Повестки дня на период до 2030 года её целями являются содействие комплексной реализации Повестки дня на период до 2030 года посредством: (i) содействия синергии и максимизации выгод в различных областях экономической, социальной и экологической политики и институциональных рамок; (ii) достижения баланса между целями внутренней политики, институциональными рамками, международно признанными целями устойчивого развития и другими международными соглашениями/рамками; и (iii) учета трансграничных и долгосрочных последствий политики, в том числе тех, которые могут затронуть развивающиеся страны.
B7: Институциональные механизмы:
B8: Структуры, системы, процессы и методы работы, применяемые правительством во всех ветвях и уровнях власти, а также ключевыми заинтересованными сторонами.
B10: Заинтересованная сторона:
B11: Любая заинтересованная и/или затронутая сторона, включая: отдельных лиц, национальные, региональные или международные учреждения и организации, как правительственные, так и неправительственные, а также представителей гражданского общества, фондов, академических кругов, средств массовой информации или частного сектора и другие.
B13: Трансграничные воздействия:
B14: Любой эффект — преднамеренный или нет — возникший в одной стране, пересекающий национальные границы посредством потоков капитала, товаров, человеческих и природных ресурсов и способный оказать положительное или отрицательное влияние на перспективы устойчивого развития другой страны.

Sheet P1
B2: Таблица P1: Измерение согласованности политики
B4: Тема | C4: N | D4: Вопрос | E4: Ответ | F4: Балл | G4: Описание уровня внедрения | H4: Подтверждающая информация
B5: 1. Политическая приверженность | C5: 1.1 | D5: Есть ли четкое политическое заявление на самом высоком уровне правительства, демонстрирующее приверженность СПУР? Например, явная приверженность СПУР в национальных стратегических документах или законодательстве, в том числе на отраслевом уровне. | F5: =IFERROR(VLOOKUP(E5,Lists!$B$3:$C$7,2,0),"") | G5: =IFERROR(INDEX(Lists!$G$3:$K$26,MATCH('P1'!$C5,Lists!$F$3:$F$26,0),MATCH('P1'!$E5,Lists!$G$2:$K$2,0)),"")
C6: 1.2 | D6: Определило ли правительство четкие национальные приоритетные направления для продвижения СПУР? Например, четкие приоритетные направления для решения проблем, где необходимо управлять компромиссами или учитывать потенциальные трансграничные воздействия, определенные в национальной стратегии, законе или плане действий для продвижения устойчивого развития. | F6: =IFERROR(VLOOKUP(E6,Lists!$B$3:$C$7,2,0),"") | G6: =IFERROR(INDEX(Lists!$G$3:$K$26,MATCH('P1'!$C6,Lists!$F$3:$F$26,0),MATCH('P1'!$E6,Lists!$G$2:$K$2,0)),"")
C7: 1.3 | D7: Определило ли правительство четкие институциональные роли и обязанности по продвижению, контролю и реализации СПУР? Например, закон или административная директива создали центральное подразделение, министерство или межведомственный комитет, который имеет мандат на продвижение, контроль или реализацию СПУР. | F7: =IFERROR(VLOOKUP(E7,Lists!$B$3:$C$7,2,0),"") | G7: =IFERROR(INDEX(Lists!$G$3:$K$26,MATCH('P1'!$C7,Lists!$F$3:$F$26,0),MATCH('P1'!$E7,Lists!$G$2:$K$2,0)),"")
C8: Промежуточный итог по теме 1 "Политическая приверженность" | F8: =SUM(F5:F7) -> 0
B9: 2. Долгосрочное видение | C9: 2.1 | D9: Разработало ли правительство стратегическое долгосрочное видение устойчивого развития для повышения согласованности политики? Например, национальное видение, политика, стратегия или план действий, устанавливающие цели по выявлению, предотвращению и смягчению фактических и потенциальных негативных последствий принятия решений для благополучия и устойчивого развития будущих поколений. | F9: =IFERROR(VLOOKUP(E9,Lists!$B$3:$C$7,2,0),"") | G9: =IFERROR(INDEX(Lists!$G$3:$K$26,MATCH('P1'!$C9,Lists!$F$3:$F$26,0),MATCH('P1'!$E9,Lists!$G$2:$K$2,0)),"")
C10: 2.2 | D10: Использует ли правительство инструменты долгосрочного стратегического планирования для повышения согласованности политики? Например, использование таких инструментов, как оценка воздействия, стратегическое прогнозирование, разработка сценариев, инструменты комплексного моделирования или системные подходы при разработке и реализации стратегий и политик для выявления, предотвращения и смягчения потенциального неблагоприятного воздействия на благополучие и устойчивое развитие будущих поколений. | F10: =IFERROR(VLOOKUP(E10,Lists!$B$3:$C$7,2,0),"") | G10: =IFERROR(INDEX(Lists!$G$3:$K$26,MATCH('P1'!$C10,Lists!$F$3:$F$26,0),MATCH('P1'!$E10,Lists!$G$2:$K$2,0)),"")
C11: 2.3 | D11: Создало ли правительство специальные институциональные механизмы для поддержки долгосрочного видения СПУР? Например, независимые органы, совет, комиссар или омбудсмен для будущих поколений могут продвигать долгосрочное видение СПУР, которое переживёт избирательные циклы или сроки полномочий правительства. | F11: =IFERROR(VLOOKUP(E11,Lists!$B$3:$C$7,2,0),"") | G11: =IFERROR(INDEX(Lists!$G$3:$K$26,MATCH('P1'!$C11,Lists!$F$3:$F$26,0),MATCH('P1'!$E11,Lists!$G$2:$K$2,0)),"")
C12: Промежуточный итог по теме 2 "Долгосрочное видение" | F12: =SUM(F9:F11) -> 0
B13: 3. Интеграция устойчивого развития в политику и финансы | C13: 3.1 | D13: Существует ли в правительстве бюджетный процесс, который интегрирует устойчивое развитие в отраслевую политику и учитывает синергию и компромиссы в различных областях экономической, социальной и экологической политики? Например, посредством использования бюджетирования ЦУР (т. е. маркировки бюджетных мер и т. д.) или контрольных списков. | F13: =IFERROR(VLOOKUP(E13,Lists!$B$3:$C$7,2,0),"") | G13: =IFERROR(INDEX(Lists!$G$3:$K$26,MATCH('P1'!$C13,Lists!$F$3:$F$26,0),MATCH('P1'!$E13,Lists!$G$2:$K$2,0)),"")
C14: 3.2 | D14: Имеются ли у правительства специальные механизмы или инструменты для интеграции устойчивого развития в отраслевые или финансовые планы отраслевых министерств? Например, стратегии, руководящие принципы, нормативные акты, положения или координационные механизмы, позволяющие министерствам и государственным ведомствам согласовывать свои полномочия, политику и отраслевые цели с приоритетами устойчивого развития. | F14: =IFERROR(VLOOKUP(E14,Lists!$B$3:$C$7,2,0),"") | G14: =IFERROR(INDEX(Lists!$G$3:$K$26,MATCH('P1'!$C14,Lists!$F$3:$F$26,0),MATCH('P1'!$E14,Lists!$G$2:$K$2,0)),"")
C15: 3.3 | D15: Разработаны ли правительством механизмы или меры для содействия мобилизации государственных, частных, внутренних и международных ресурсов для устойчивого развития? Например, конкретные программы или меры политики, основанные на согласованности политики, направленные на увеличение вклада внутренних ресурсов в устойчивое развитие; стимулы или механизмы для привлечения частных инвестиций в проекты устойчивого развития; партнерство между государством и частным сектором для финансирования инициатив в области устойчивого развития и т. д. | F15: =IFERROR(VLOOKUP(E15,Lists!$B$3:$C$7,2,0),"") | G15: =IFERROR(INDEX(Lists!$G$3:$K$26,MATCH('P1'!$C15,Lists!$F$3:$F$26,0),MATCH('P1'!$E15,Lists!$G$2:$K$2,0)),"")
C16: Промежуточный итог по теме 3 "Интеграция устойчивого развития в политику и финансы" | F16: =SUM(F13:F15) -> 0
B17: 4. Координация на уровне всего правительства | C17: 4.1 | D17: Создало ли правительство координационные механизмы высокого уровня с четкими полномочиями для обеспечения общеправительственной координации СПУР, в том числе на отраслевом уровне? Например, координационный механизм или орган высокого уровня, будь то в центральном правительстве или в ведущем отраслевом министерстве, в зависимости от ситуации, с четкими полномочиями, ресурсами и возможностями для прогнозирования и устранения расхождений в политике, в том числе в отношении потенциальных негативных последствий политики и противоречий, возникающих из-за расхождений приоритетов и различий в отраслевых интересах. | F17: =IFERROR(VLOOKUP(E17,Lists!$B$3:$C$7,2,0),"") | G17: =IFERROR(INDEX(Lists!$G$3:$K$26,MATCH('P1'!$C17,Lists!$F$3:$F$26,0),MATCH('P1'!$E17,Lists!$G$2:$K$2,0)),"")
C18: 4.2 | D18: Существуют ли формальные структуры управления или неформальные каналы для поддержки коммуникации между отраслевыми министерствами и ведомствами в целях повышения эффективности СПУР? Например, межведомственные комитеты, стимулирующие открытый обмен идеями и инновационным мышлением для решения межсекторальных политических задач и разработки комплексных решений. | F18: =IFERROR(VLOOKUP(E18,Lists!$B$3:$C$7,2,0),"") | G18: =IFERROR(INDEX(Lists!$G$3:$K$26,MATCH('P1'!$C18,Lists!$F$3:$F$26,0),MATCH('P1'!$E18,Lists!$G$2:$K$2,0)),"")
C19: 4.3 | D19: Существуют ли специальные программы повышения квалификации или другие ресурсы для государственных служащих, должностных лиц правительства или персонала, направленные на повышение согласованности политики в области устойчивого развития? Например, для развития навыков, которые выводят государственных служащих за рамки их традиционной рабочей среды и побуждают их мыслить и действовать по-новому, междисциплинарно, для обеспечения согласованности в разработке политики. | F19: =IFERROR(VLOOKUP(E19,Lists!$B$3:$C$7,2,0),"") | G19: =IFERROR(INDEX(Lists!$G$3:$K$26,MATCH('P1'!$C19,Lists!$F$3:$F$26,0),MATCH('P1'!$E19,Lists!$G$2:$K$2,0)),"")
C20: Промежуточный итог по теме 4 "Координация на уровне всего правительства" | F20: =SUM(F17:F19) -> 0
B21: 5. Субнациональное взаимодействие | C21: 5.1 | D21: Существуют ли положения или механизмы для согласования национальных и субнациональных планов, политики, бюджетов или нормативно-правовой базы в целях устойчивого развития? Например, национальные стратегии устойчивого развития определяют соответствующие действия и предписывают взаимодействие на субнациональном уровне; или обмен данными и другие формы взаимодействия между уровнями власти институционализированы иными способами. | F21: =IFERROR(VLOOKUP(E21,Lists!$B$3:$C$7,2,0),"") | G21: =IFERROR(INDEX(Lists!$G$3:$K$26,MATCH('P1'!$C21,Lists!$F$3:$F$26,0),MATCH('P1'!$E21,Lists!$G$2:$K$2,0)),"")
C22: 5.2 | D22: Существуют ли формальные структуры управления или неформальные каналы для поддержки коммуникации между национальными и субнациональными уровнями власти в целях повышения эффективности СПУР? Например, межтерриториальные комиссии, участие местных органов власти в национальных советах по Повестке дня на период до 2030 года и координационные центры по реализации ЦУР на региональном и местном уровнях. | F22: =IFERROR(VLOOKUP(E22,Lists!$B$3:$C$7,2,0),"") | G22: =IFERROR(INDEX(Lists!$G$3:$K$26,MATCH('P1'!$C22,Lists!$F$3:$F$26,0),MATCH('P1'!$E22,Lists!$G$2:$K$2,0)),"")
C23: 5.3 | D23: Существуют ли механизмы или процессы, обеспечивающие скоординированные действия национальных и субнациональных агентств в рамках международных инициатив или сотрудничества в целях устойчивого развития? Например, национальные агентства предоставляют консультационные услуги, создают сетевые структуры или организуют встречи субнациональных организаций, участвующих в международных инициативах или сотрудничестве в целях развития. | F23: =IFERROR(VLOOKUP(E23,Lists!$B$3:$C$7,2,0),"") | G23: =IFERROR(INDEX(Lists!$G$3:$K$26,MATCH('P1'!$C23,Lists!$F$3:$F$26,0),MATCH('P1'!$E23,Lists!$G$2:$K$2,0)),"")
C24: Промежуточный итог по теме 5 "Субнациональное взаимодействие" | F24: =SUM(F21:F23) -> 0
B25: 6. Взаимодействие с заинтересованными сторонами | C25: 6.1 | D25: Существуют ли механизмы участия, обеспечивающие информирование и активное участие заинтересованных сторон на различных этапах цикла разработки политики устойчивого развития или в разработке инициатив в области устойчивого развития на основе подхода, охватывающего все общество? Например, специальные законы, общественные консультации, консультативные комитеты, фокус-группы, онлайн-платформы, регулярные встречи или другие средства позволяют вовлекать и участвовать в процессе принятия решений, собирать обратную связь, решать вопросы согласованности действий и совместно работать над решениями, охватывающими различные слои общества. | F25: =IFERROR(VLOOKUP(E25,Lists!$B$3:$C$7,2,0),"") | G25: =IFERROR(INDEX(Lists!$G$3:$K$26,MATCH('P1'!$C25,Lists!$F$3:$F$26,0),MATCH('P1'!$E25,Lists!$G$2:$K$2,0)),"")
C26: 6.2 | D26: Существуют ли механизмы взаимодействия с маргинализированными и уязвимыми группами общества, отстаивания их потребностей и участия в принятии решений для продвижения инклюзивного устойчивого развития? Например, консультации с различными группами или привлечение их к совместной разработке планов действий, которые комплексно учитывают принцип «никого не оставить позади» в государственной политике и реформах, уделяя особое внимание целевым мерам, направленным на поддержку наиболее отстающих и содействие правам человека, гендерному равенству и социальной интеграции. | F26: =IFERROR(VLOOKUP(E26,Lists!$B$3:$C$7,2,0),"") | G26: =IFERROR(INDEX(Lists!$G$3:$K$26,MATCH('P1'!$C26,Lists!$F$3:$F$26,0),MATCH('P1'!$E26,Lists!$G$2:$K$2,0)),"")
C27: 6.3 | D27: Внедрило ли правительство механизмы для содействия вовлечению заинтересованных сторон в согласование политики устойчивого развития на различных уровнях управления, для распространения передового опыта и поощрения взаимного обучения? Например, вовлечение посредством глобальных или национальных кампаний, политических диалогов, межправительственных процессов, инициатив по наращиванию потенциала и общественной мобилизации. | F27: =IFERROR(VLOOKUP(E27,Lists!$B$3:$C$7,2,0),"") | G27: =IFERROR(INDEX(Lists!$G$3:$K$26,MATCH('P1'!$C27,Lists!$F$3:$F$26,0),MATCH('P1'!$E27,Lists!$G$2:$K$2,0)),"")
C28: Промежуточный итог по теме 6 "Взаимодействие с заинтересованными сторонами" | F28: =SUM(F25:F27) -> 0
B29: 7. Оценка воздействия | C29: 7.1 | D29: Имеются ли у правительства механизмы или инструменты для проведения регулярных оценок воздействия политики с целью выявления любых положительных и отрицательных воздействий на устойчивое развитие? Например, такие общепринятые инструменты, как анализ затрат и выгод, система показателей для отслеживания эффективности политики или другие инструменты, такие как оценка нормативного, экологического, гендерного и социального воздействия, а также стратегическая оценка, регулярно используются во всех государственных секторах для оценки и согласования политики с целями устойчивого развития. | F29: =IFERROR(VLOOKUP(E29,Lists!$B$3:$C$7,2,0),"") | G29: =IFERROR(INDEX(Lists!$G$3:$K$26,MATCH('P1'!$C29,Lists!$F$3:$F$26,0),MATCH('P1'!$E29,Lists!$G$2:$K$2,0)),"")
C30: 7.2 | D30: Проводило ли правительство предварительную и последующую оценку воздействия политики, учитывающую трансграничное воздействие? Например, такие общепринятые инструменты, как анализ затрат и выгод, оценка трансграничного воздействия, многосторонние консультации, системы показателей и другие, регулярно используются в различных государственных секторах для оценки трансграничного воздействия политики на устойчивое развитие. | F30: =IFERROR(VLOOKUP(E30,Lists!$B$3:$C$7,2,0),"") | G30: =IFERROR(INDEX(Lists!$G$3:$K$26,MATCH('P1'!$C30,Lists!$F$3:$F$26,0),MATCH('P1'!$E30,Lists!$G$2:$K$2,0)),"")
C31: 7.3 | D31: Имеются ли в правительстве механизмы для наращивания потенциала государственных служащих в области сбора и анализа данных о влиянии различных политик, законов и нормативных актов на устойчивое развитие? Например, обучение, призванное помочь государственным служащим стратегически учитывать положительное и отрицательное влияние политик, законов и нормативных актов на устойчивое развитие. | F31: =IFERROR(VLOOKUP(E31,Lists!$B$3:$C$7,2,0),"") | G31: =IFERROR(INDEX(Lists!$G$3:$K$26,MATCH('P1'!$C31,Lists!$F$3:$F$26,0),MATCH('P1'!$E31,Lists!$G$2:$K$2,0)),"")
C32: Промежуточный итог по теме 7 "Оценка воздействия" | F32: =SUM(F29:F31) -> 0
B33: 8. Мониторинг, оценка и отчетность | C33: 8.1 | D33: Имеются ли в правительстве системы управления информацией или аналогичные механизмы для последовательного выявления и централизации данных, индикаторов и (или) другой информации для мониторинга прогресса в области устойчивого развития? Например, централизация существующих достоверных данных, индикаторов и информации для мониторинга экономических, социальных и экологических внешних эффектов, возникающих за пределами национальных границ (трансграничное воздействие). | F33: =IFERROR(VLOOKUP(E33,Lists!$B$3:$C$7,2,0),"") | G33: =IFERROR(INDEX(Lists!$G$3:$K$26,MATCH('P1'!$C33,Lists!$F$3:$F$26,0),MATCH('P1'!$E33,Lists!$G$2:$K$2,0)),"")
C34: 8.2 | D34: Имеются ли у правительства механизмы для предоставления регулярных и прозрачных отчетов соответствующим национальным органам (например, парламенту, министерствам или другим ведомствам) о ходе реализации СПУР? Например, регулярные отчеты парламенту, министерствам или другим ведомствам о ходе реализации СПУР. Информация о ходе реализации также может включаться в добровольческие национальные обзоры и отчеты о деятельности по сотрудничеству в целях развития. | F34: =IFERROR(VLOOKUP(E34,Lists!$B$3:$C$7,2,0),"") | G34: =IFERROR(INDEX(Lists!$G$3:$K$26,MATCH('P1'!$C34,Lists!$F$3:$F$26,0),MATCH('P1'!$E34,Lists!$G$2:$K$2,0)),"")
C35: 8.3 | D35: Имеются ли в правительстве механизмы, обеспечивающие регулярную оценку результатов СПУР и их использование для принятия адаптивных мер, в том числе с учетом синергии и потенциальных компромиссов между отраслевыми политиками? Например, системы оценки систематически оценивают согласованность политики с различными отраслевыми приоритетами и стратегиями, предоставляя лицам, принимающим решения, практические рекомендации. | F35: =IFERROR(VLOOKUP(E35,Lists!$B$3:$C$7,2,0),"") | G35: =IFERROR(INDEX(Lists!$G$3:$K$26,MATCH('P1'!$C35,Lists!$F$3:$F$26,0),MATCH('P1'!$E35,Lists!$G$2:$K$2,0)),"")
C36: Промежуточный итог по теме 8 "Мониторинг, оценка и отчетность" | F36: =SUM(F33:F35) -> 0
B37: Общий балл | F37: =SUM(F36,F32,F28,F24,F20,F16,F12,F8) -> 0

Sheet Баллы
B2: Описание баллов согласно вопросу и уровню внедрения механизма, с примерами
B4: Тема | C4: N | D4: Вопрос | E4: Не ​разработан (0) | F4: В разработке (1) | G4: ​Pазработан, но не применяется (2) | H4: Pазработан, но применяется частично (3) | I4: Pазработан и полностью применяется (4)
B5: 1. Political Commitment | C5: 1.1 | D5: Есть ли четкое политическое заявление на самом высоком уровне правительства, демонстрирующее приверженность СПУР? Например, явная приверженность СПУР в национальных стратегических документах или законодательстве, в том числе на отраслевом уровне. | E5: Отсутствует четкое политическое заявление и нет планов или действий по его включению в национальные стратегические документы, политику или законодательство. | F5: Чёткого политического заявления нет; однако существуют официальные планы его разработки и включения в национальные стратегические документы, политику или законодательство, в том числе на отраслевом уровне, или оно в настоящее время находится в стадии разработки. (Например, готовящийся новый или обновлённый национальный стратегический документ, политика или закон с чёткой приверженностью принципам устойчивого развития). | G5: На самом высоком уровне правительства имеется чёткое политическое заявление, демонстрирующее приверженность принципам устойчивого развития, но оно не реализуется. (Например, приверженность принципам устойчивого развития отражена в отраслевых стратегиях, политике или законах, но отсутствуют планы действий, приоритетные направления, институциональные роли и обязанности по их поддержке. Никакая деятельность не приводит к эффективному воплощению принципов СПУР в действия). | H5: На самом высоком уровне правительства имеется четкое политическое заявление, демонстрирующее приверженность принципам СПУР, однако уровень их реализации недостаточен. (Например, некоторые элементы могут отсутствовать, что препятствует полной реализации обязательств по СПУР. Это может быть связано с нечеткими полномочиями по надзору, ролями и обязанностями, недостаточным финансированием, возможностями или данными, бременем регулирования, нормативными пробелами или длительными бюрократическими процедурами). | I5: На самом высоком уровне правительства сделано четкое политическое заявление, демонстрирующее приверженность принципам СПУР, реализуемым во всех соответствующих аспектах управления. (Например, правительство сделало четкое политическое заявление на самом высоком уровне, демонстрирующее приверженность принципам СПУР. Политическое руководство активно продвигает СПУР и поддерживает цели устойчивого развития, обеспечивая соответствие политики, законов и институциональных механизмов этим целям, в том числе на отраслевом уровне, где это применимо. Эта приверженность воплощается в конкретные механизмы и действия во всех соответствующих секторах и стратегиях, в том числе отражактся через интеграцию СПУР в соответствующие политические и законодательные рамки, стратегическое планирование и оперативную деятельность, формирование культуры устойчивого развития во всех органах власти. Заинтересованные стороны вовлечены, общественная поддержка мобилизована, а также внедрены надежные механизмы мониторинга и оценки для отслеживания прогресса и обеспечения отчетности).
C6: 1.2 | D6: Определило ли правительство четкие национальные приоритетные направления для продвижения СПУР? Например, четкие приоритетные направления для решения проблем, где необходимо управлять компромиссами или учитывать потенциальные трансграничные воздействия, определенные в национальной стратегии, законе или плане действий для продвижения устойчивого развития. | E6: Четких национальных приоритетных направлений не создано, равно как и планов или действий по их определению. | F6: Чётких национальных приоритетных направлений нет; однако существуют официальные планы по их определению или они в настоящее время находятся в стадии разработки. (Например, готовящийся новый или обновленный национальный стратегический документ, политика или закон с четкой приверженностью принципам СПУР). | G6: Правительство определило четкие национальные приоритетные направления развития СПУР, однако конкретные действия по их решению не были реализованы. (Например, не было принято никаких конкретных мер по решению приоритетных направлений развития СПУР в отраслевых стратегиях, политике или нормативных актах. Кроме того, принятые меры не обеспечили эффективного решения этих приоритетных задач). | H6: Правительство определило четкие национальные приоритетные направления для продвижения СПУР, но уровень их реализации недостаточен. (Например, некоторые факторы могут препятствовать полной реализации. К ним могут относиться недостаточное финансирование, нехватка ресурсов, данных, разрозненность институциональных подходов, пробелы в нормативно-правовой базе, в том числе на отраслевом уровне, или длительные бюрократические процедуры). | I6: Правительство определило четкие национальные приоритетные направления для продвижения ПУР, которые реализуются с охватом всех соответствующих аспектов управления. (Например, определенные приоритеты интегрированы в отраслевую политику, стратегии и планы действий с четко определенными сроками, направляя усилия на достижение целей устойчивого развития, используя синергию между секторами и учитывая потенциальное трансграничное воздействие политики. Осуществляется активная межсекторальная координация для согласования инициатив с этими приоритетами, что способствует применению комплексного подхода в рамках всего правительства).
C7: 1.3 | D7: Определило ли правительство четкие институциональные роли и обязанности по продвижению, контролю и реализации СПУР? Например, закон или административная директива создали центральное подразделение, министерство или межведомственный комитет, который имеет мандат на продвижение, контроль или реализацию СПУР. | E7: Отсутствуют четкие институциональные роли и обязанности, а также планы или действия по их определению. | F7: Чётких институциональных ролей и обязанностей не существует; однако существуют официальные планы по их определению или они в настоящее время находятся в стадии разработки. (Например, предстоящие изменения в правительственных структурах; новые полномочия существующих органов или институциональных структур, определяющие чёткую роль в области управления рисками и социальными рисками, или создание новых органов или учреждений, прямо уполномоченных усиливать управление рисками и социальными рисками в рамках всего правительства). | G7: Правительство определило четкие институциональные роли и обязанности по продвижению, контролю и внедрению принципов СПУР, но эти роли еще не реализованы. (Например, факторы, которые могут препятствовать внедрению, включают: недостаточное финансирование, ограниченность возможностей, нормативное бремя, нормативные пробелы, отсутствие конкретных полномочий, недостаточную политическую волю, проблемы координации, недостаточное взаимодействие с заинтересованными сторонами, слабое межведомственное взаимодействие и т. д.). | H7: Правительство четко определило институциональные роли и обязанности по продвижению, контролю и реализации СПУР. Однако эти роли были реализованы лишь частично. (Неполная реализация могла быть обусловлена рядом проблем, включая ограниченные финансовые, кадровые или технические ресурсы, сопротивление со стороны существующих институциональных практик, отсутствие межведомственного взаимодействия, пробелы в нормативной базе, а также недостаточное развитие потенциала сотрудников, занимающихся СПУР). | I7: Правительство определило четкие институциональные роли и обязанности по продвижению, контролю и внедрению принципов СПУР. На практике эти роли всесторонне реализуются во всех соответствующих аспектах государственного управления. (Например, создан головной орган с четкими полномочиями по продвижению и контролю внедрения принципов СПУР в рамках всего правительства. Полномочия и роль этого органа хорошо известны всему правительству в различных секторах и на разных уровнях).
B8: 2. Long-term Vision | C8: 2.1 | D8: Разработало ли правительство стратегическое долгосрочное видение устойчивого развития для повышения согласованности политики? Например, национальное видение, политика, стратегия или план действий, устанавливающие цели по выявлению, предотвращению и смягчению фактических и потенциальных негативных последствий принятия решений для благополучия и устойчивого развития будущих поколений. | E8: Отсутствует стратегическое долгосрочное видение устойчивого развития, а также нет планов или действий по его разработке. | F8: Стратегическое долгосрочное видение устойчивого развития отсутствует; однако существуют официальные планы по его разработке, или оно в настоящее время находится в стадии разработки. (Например, готовящееся новое или обновленное национальное заявление о долгосрочном видении, политика или стратегия по выявлению, предотвращению и смягчению фактических и потенциальных негативных последствий принятия решений для благополучия и устойчивого развития будущих поколений). | G8: Правительство разработало и официально приняло стратегическое долгосрочное видение устойчивого развития для повышения согласованности политики, но оно ещё не реализовано. (Например, отраслевые стратегии и политика не включают ключевые элементы долгосрочного видения. В них отсутствуют чёткие цели по выявлению, предотвращению или снижению потенциального негативного воздействия принимаемых решений на благополучие и устойчивое развитие будущих поколений). | H8: Правительство разработало стратегическое долгосрочное видение устойчивого развития для повышения согласованности политики, однако его реализация недостаточна. (Например, ряд проблем может препятствовать полной реализации. К ним относятся слабая интеграция в отраслевую политику, неопределённые цели, ограниченное взаимодействие с заинтересованными сторонами, недостаточный мониторинг, ограниченность возможностей, пробелы в нормативной базе и низкая осведомлённость общественности). | I8: Правительство разработало стратегическое долгосрочное видение устойчивого развития для повышения согласованности политики, которое реализуется во всех соответствующих аспектах управления. (Например, существует долгосрочное видение или стратегия, устанавливающая долгосрочные цели и задачи устойчивого развития и направляющая процесс принятия краткосрочных решений с учетом благополучия и устойчивого развития будущих поколений. Это стратегическое видение интегрировано во все соответствующие отраслевые стратегии и политику и воплощено в конкретные действия по выявлению, предотвращению и смягчению потенциальных неблагоприятных последствий для будущих поколений. Этот процесс включает в себя взаимодействие с заинтересованными сторонами, обеспечение законодательной и общественной поддержки, а также разработку надежных систем мониторинга и оценки).
C9: 2.2 | D9: Использует ли правительство инструменты долгосрочного стратегического планирования для повышения согласованности политики? Например, использование таких инструментов, как оценка воздействия, стратегическое прогнозирование, разработка сценариев, инструменты комплексного моделирования или системные подходы при разработке и реализации стратегий и политик для выявления, предотвращения и смягчения потенциального неблагоприятного воздействия на благополучие и устойчивое развитие будущих поколений. | E9: Инструментов долгосрочного стратегического планирования не создано, равно как и планов и действий по их разработке. | F9: Инструменты долгосрочного стратегического планирования отсутствуют; однако существуют официальные планы по их разработке, либо они в настоящее время находятся в стадии разработки. (Например, предстоящее создание специализированных подразделений стратегического прогнозирования в центральных органах правительства или министерств, внесение изменений в существующие инструменты оценки воздействия и разработка новых учебных программ, связанных с инструментами долгосрочного планирования и подходами системного мышления). | G9: Правительство разработало инструменты долгосрочного стратегического планирования для повышения согласованности политики, но эти инструменты пока не внедрены. (Например, ограничения ресурсов, отсутствие политической воли, институциональное сопротивление, недостаточная подготовка кадров, сложность использования инструментов, нормативные пробелы и недостаточное взаимодействие могут быть факторами, препятствующими внедрению). | H9: Правительство использует инструменты долгосрочного стратегического планирования для повышения согласованности. Однако эти инструменты реализованы лишь частично. (Например, ряд проблем может препятствовать полной реализации. К ним относятся: ограниченность ресурсов, недостаточная политическая воля, институциональное сопротивление, пробелы в нормативной базе, недостаточная подготовка кадров и т. д.). | I9: Правительство использует инструменты долгосрочного стратегического планирования для повышения согласованности политики, охватывая все соответствующие аспекты управления. (Например, правительство обычно использует инструменты долгосрочного стратегического планирования (например, оценку воздействия, стратегическое прогнозирование, разработку сценариев, инструменты комплексного моделирования или системные подходы) при разработке и реализации стратегий и политик. Эти инструменты помогают выявлять, предотвращать и смягчать потенциально неблагоприятное воздействие на благополучие и устойчивое развитие будущих поколений. Эти инструменты активно используются для информирования лиц, принемающих решения).
C10: 2.3 | D10: Создало ли правительство специальные институциональные механизмы для поддержки долгосрочного видения СПУР? Например, независимые органы, совет, комиссар или омбудсмен для будущих поколений могут продвигать долгосрочное видение СПУР, которое переживёт избирательные циклы или сроки полномочий правительства. | E10: Никаких институциональных механизмов не создано, равно как и планов или действий по их созданию. | F10: Институциональные механизмы или механизмы отсутствуют; однако существуют официальные планы по их созданию или они в настоящее время находятся в стадии разработки. (Например, предстоящее создание специализированного или независимого органа, такого как национальные комиссии по устойчивому развитию, независимые органы, комиссар, совет или омбудсмен для будущих поколений с конкретным мандатом по усилению СПУР, который охватывает сроки полномочий правительства и избирательные циклы, обеспечивая преемственность усилий СПУР между различными администрациями.) | G10: Правительство создало специальные институциональные механизмы для поддержки долгосрочного видения СПУР. Однако их задачи пока не применяются. (Например, ряд факторов может препятствовать реализации, включая нечеткие полномочия, ограниченность ресурсов, недостаточную политическую волю, институциональное сопротивление, недостаточное взаимодействие с заинтересованными сторонами, нормативные пробелы, а также низкий уровень общественной осведомленности и поддержки). | H10: Правительство создало специальные институциональные механизмы для поддержки долгосрочного видения СПУР. Однако их задачи были реализованы лишь частично. (Например, полная реализация государственных мер может быть затруднена политическим вмешательством, нехваткой ресурсов, бюрократическим сопротивлением, плохой координацией между министерствами и ведомствами, общественным сопротивлением, сложной правовой базой, нормативными пробелами или другими пробелами в мониторинге и оценке). | I10: Правительство создало специальные институциональные механизмы или механизмы для поддержки долгосрочного видения СПУР. Их задачи реализуются комплексно и охватывают все соответствующие аспекты управления. (Например, правительство создало специальный орган с четкими полномочиями и ресурсами, чтобы гарантировать, что его приверженность СПУР выходит за рамки избирательных циклов и сроков полномочий правительства. Этот орган имеет четкие цели, достаточные ресурсы и поддерживает эффективную коммуникацию, сильное руководство, взаимодействие с заинтересованными сторонами и координацию между министерствами и ведомствами. Он также располагает надежными системами мониторинга и оценки и обладает гибкостью для адаптации к меняющимся обстоятельствам).
B11: 3. The Integration of Sustainable Development into Policy and Finance | C11: 3.1 | D11: Существует ли в правительстве бюджетный процесс, который интегрирует устойчивое развитие в отраслевую политику и учитывает синергию и компромиссы в различных областях экономической, социальной и экологической политики? Например, посредством использования бюджетирования ЦУР (т. е. маркировки бюджетных мер и т. д.) или контрольных списков. | E11: Бюджетный процесс отсутствует, и нет никаких официальных планов или действий по его разработке. | F11: Бюджетный процесс отсутствует; однако существуют официальные планы по его разработке, либо он в настоящее время находится в стадии разработки. (Например, предстоящее введение новых директив по подготовке годового бюджета с целью интеграции устойчивого развития в отраслевую политику или внедрение новых практик, таких как кодирование и маркировка ЦУР, бюджетирование, ориентированное на результаты, в соответствии с ЦУР, и увязка процесса стратегического бюджетирования с ЦУР). | G11: Правительство разработало бюджетный процесс для интеграции устойчивого развития в отраслевую политику и обеспечения синергии и компромиссов в экономической, социальной и экологической сферах, но он пока не применяется. (Например, ряд факторов может препятствовать реализации, включая сложность интеграции устойчивого развития в существующие структуры, балансировку распределения ресурсов между конкурирующими целями, необходимость наращивания потенциала институтов, необходимость сильной политической воли и приверженности, нормативные пробелы и финансовые ограничения). | H11: Правительство разработало бюджетный процесс для интеграции устойчивого развития в отраслевую политику и обеспечения синергии и компромиссов в экономической, социальной и экологической сферах, однако его реализация остаётся частичной. (Например, ряд проблем может препятствовать полной реализации, включая сложность интеграции приоритетов устойчивого развития в существующие структуры, трудности со сбором данных, балансировкой распределения ресурсов между конкурирующими целями, слабый институциональный потенциал, недостаточную политическую волю и приверженность, нормативные пробелы и финансовые ограничения). | I11: Правительство разработало бюджетный процесс для интеграции устойчивого развития в отраслевую политику и обеспечения синергии и компромиссов в экономической, социальной и экологической сферах. Вопросы устойчивого развития интегрированы на всех этапах бюджетного процесса. (Например, устойчивое развитие эффективно интегрируется в отраслевую политику посредством бюджетного процесса (например, разработки, утверждения, исполнения и контроля бюджета), способствуя синергии между секторами политики, стратегически балансируя распределение ресурсов для достижения экономических, социальных и экологических целей, а также способствуя сотрудничеству и координации между государственными ведомствами и агентствами).
C12: 3.2 | D12: Имеются ли у правительства специальные механизмы или инструменты для интеграции устойчивого развития в отраслевые или финансовые планы отраслевых министерств? Например, стратегии, руководящие принципы, нормативные акты, положения или координационные механизмы, позволяющие министерствам и государственным ведомствам согласовывать свои полномочия, политику и отраслевые цели с приоритетами устойчивого развития. | E12: Отсутствуют какие-либо механизмы или инструменты, а также планы или действия по их разработке. | F12: Механизмов и инструментов для этого не существует, однако существуют официальные планы по их разработке, либо они в настоящее время находятся в стадии разработки. | G12: Правительство разработало специальные механизмы и инструменты для интеграции устойчивого развития в отраслевые и финансовые планы отраслевых министерств. Однако эти механизмы пока не применяются. (Например, ряд проблем может препятствовать реализации, включая ограниченное финансирование, ограниченность возможностей, ограниченность данных и информации, проблемы координации, нехватку политической воли и пробелы в нормативной базе). | H12: Правительство разработало специальные механизмы и инструменты для интеграции устойчивого развития в отраслевые и финансовые планы отраслевых министерств. Однако эти механизмы реализованы лишь частично. (Например, частичной реализации может способствовать ряд факторов, включая недостаточное финансирование, ограниченность возможностей, бюрократические препоны, проблемы координации, отсутствие данных, нормативные пробелы и т. д.). | I12: Правительство разработало специальные механизмы и инструменты для интеграции устойчивого развития в отраслевые и финансовые планы отраслевых министерств. Эти механизмы были внедрены в полном объеме, охватывая все соответствующие аспекты управления. (Например, созданные механизмы и инструменты обеспечили интеграцию приоритетов устойчивого развития в каждый сектор и финансовый план, способствуя эффективному достижению целей устойчивого развития. Эти механизмы и инструменты также способствуют формированию культуры устойчивого развития на всех уровнях и во всех секторах государственного управления, способствуя постоянному совершенствованию и внедрению инноваций в практику устойчивого развития).
C13: 3.3 | D13: Разработаны ли правительством механизмы или меры для содействия мобилизации государственных, частных, внутренних и международных ресурсов для устойчивого развития? Например, конкретные программы или меры политики, основанные на согласованности политики, направленные на увеличение вклада внутренних ресурсов в устойчивое развитие; стимулы или механизмы для привлечения частных инвестиций в проекты устойчивого развития; партнерство между государством и частным сектором для финансирования инициатив в области устойчивого развития и т. д. | E13: Никаких механизмов или мер не предусмотрено, равно как и никаких планов или действий по их разработке. | F13: Механизмов и мер не существует, однако существуют официальные планы по их разработке или они в настоящее время находятся в стадии разработки. | G13: Правительство разработало механизмы и меры по содействию мобилизации финансовых ресурсов для поддержки СПУР. Однако эти механизмы пока не применяются. (Например, ряд проблем может препятствовать применению, включая недостаточное финансирование, потенциал, координацию или недостаточное взаимодействие с заинтересованными сторонами). | H13: Правительство разработало механизмы и меры по содействию мобилизации финансовых ресурсов для поддержки СПУР. Однако эти механизмы реализованы лишь частично. (Например, некоторые факторы могут препятствовать полной реализации. К ним могут относиться недостаточное финансирование, потенциал, координация или недостаточное взаимодействие с заинтересованными сторонами). | I13: Правительство разработало механизмы и реализовало меры по мобилизации финансовых ресурсов для поддержки СПУР. Эти механизмы применялись комплексно и охватывали все соответствующие аспекты управления. (Например, разработанные механизмы и реализованные меры привели к разработке конкретных программ или стратегий, способствующих увеличению вклада внутренних ресурсов в устойчивое развитие, или созданию стимулов для привлечения частных инвестиций в устойчивое развитие, или содействовали развитию государственно-частного партнерства, способствующего мобилизации финансовых ресурсов для содействия устойчивому развитию).
B14: 4. Whole-of-government Coordination | C14: 4.1 | D14: Создало ли правительство координационные механизмы высокого уровня с четкими полномочиями для обеспечения общеправительственной координации СПУР, в том числе на отраслевом уровне? Например, координационный механизм или орган высокого уровня, будь то в центральном правительстве или в ведущем отраслевом министерстве, в зависимости от ситуации, с четкими полномочиями, ресурсами и возможностями для прогнозирования и устранения расхождений в политике, в том числе в отношении потенциальных негативных последствий политики и противоречий, возникающих из-за расхождений приоритетов и различий в отраслевых интересах. | E14: Не создано никаких механизмов координации высокого уровня, а также планов или действий по их созданию. | F14: Механизмов координации высокого уровня не создано, однако существуют официальные планы по их созданию, либо они в настоящее время находятся в стадии разработки. | G14: Правительство создало координационные механизмы высокого уровня с четкими полномочиями для обеспечения общеправительственной координации СПУР, в том числе на отраслевом уровне. Однако эти механизмы до сих пор не применяется. (Например, ряд факторов может препятствовать реализации, включая недостаточную политическую волю, бюрократическую неэффективность, информационную асимметрию, сопротивление заинтересованных сторон, корыстные интересы, сложность координации, нормативные пробелы и отсутствие отчетности). | H14: Правительство создало высокоуровневые координационные механизмы с четкими полномочиями для обеспечения общеправительственной координации СПУР, в том числе на отраслевом уровне. Однако эти механизмы были реализованы лишь частично. (Например, ряд проблем может привести к частичной реализации, включая смену политического руководства и приоритетов, нехватку технических ресурсов, нормативные пробелы, бюрократическое и отраслевое сопротивление и т. д.). | I14: Правительство создало высокоуровневые координационные механизмы с четкими полномочиями для обеспечения общеправительственной координации СПУР, в том числе на отраслевом уровне. Эти механизмы полностью реализованы и охватывают все соответствующие аспекты управления. (Например, высокоуровневый координационный механизм регулярно функционирует для поддержки общеправительственной координации в области СПУР. Этот механизм имеет четкие полномочия, достаточные ресурсы и возможности предвидеть и устранять расхождения в политике, включая потенциальные негативные последствия политики и противоречия, возникающие из-за расхождения приоритетов и различий в отраслевых интересах).
C15: 4.2 | D15: Существуют ли формальные структуры управления или неформальные каналы для поддержки коммуникации между отраслевыми министерствами и ведомствами в целях повышения эффективности СПУР? Например, межведомственные комитеты, стимулирующие открытый обмен идеями и инновационным мышлением для решения межсекторальных политических задач и разработки комплексных решений. | E15: Формальных структур управления или неформальных каналов не существует, и нет никаких планов или действий по их развитию. | F15: Формальные структуры управления или неформальные каналы пока не существуют, однако существуют официальные планы по их развитию, либо они в настоящее время находятся в стадии разработки. | G15: Правительство создало формальные структуры управления или неформальные каналы для поддержки коммуникации между отраслевыми министерствами и ведомствами в целях повышения эффективности СПУР. Однако эти механизмы пока не внедрены. (Например, ряд факторов может препятствовать внедрению, включая сопротивление изменениям, несоответствие организационной культуре, корыстные интересы, нехватка ресурсов, пробелы в нормативно-правовой базе и неблагоприятные внешние условия, такие как политическая нестабильность или смена правительства). | H15: Правительство создало формальные структуры управления или неформальные каналы для поддержки взаимодействия между отраслевыми министерствами и ведомствами в целях повышения эффективности СПУЗ. Однако эти механизмы реализованы лишь частично. (Например, полной реализации могут препятствовать бюрократическая негибкость, ограниченность ресурсов, слабая коммуникация, сопротивление изменениям, пробелы в нормативной базе и внешние факторы, такие как политическая нестабильность или экономический спад). | I15: Правительство создало формальные структуры управления или неформальные каналы для поддержки взаимодействия между отраслевыми министерствами и ведомствами в целях повышения эффективности СПУР. Эти механизмы были полностью реализованы и охватывают все соответствующие аспекты управления. (Например, создание этих структур и каналов привело к улучшению сотрудничества, координации и обмена информацией между всеми секторами государственного управления. Это укрепило соответствие политики Целям устойчивого развития и способствовало формированию культуры постоянного совершенствования и инноваций в государственном управлении).
C16: 4.3 | D16: Существуют ли специальные программы повышения квалификации или другие ресурсы для государственных служащих, должностных лиц правительства или персонала, направленные на повышение согласованности политики в области устойчивого развития? Например, для развития навыков, которые выводят государственных служащих за рамки их традиционной рабочей среды и побуждают их мыслить и действовать по-новому, междисциплинарно, для обеспечения согласованности в разработке политики. | E16: Не существует программ повышения квалификации или других ресурсов, а также нет планов или действий по их развитию. | F16: Программ повышения квалификации или других ресурсов не существует; однако существуют официальные планы по их разработке или они в настоящее время находятся в стадии разработки. | G16: Правительство разработало программы повышения квалификации и другие ресурсы для государственных служащих, должностных лиц и персонала, чтобы повысить согласованность политики в области устойчивого развития. Однако эти программы ещё не реализованы. (Например, ряд проблем может препятствовать реализации программ. К ним относятся недостаточное финансирование, ограниченность возможностей, бюрократические препоны, проблемы координации, отсутствие данных, нормативные пробелы и т. д.). | H16: Правительство разработало программы повышения квалификации и другие ресурсы для государственных служащих, должностных лиц и персонала в целях повышения согласованности политики в области устойчивого развития. Однако эти программы были реализованы лишь частично. (Например, частичной реализации может способствовать ряд факторов, включая недостаточное финансирование, ограниченность возможностей, бюрократические препоны, проблемы координации, недостаточное взаимодействие и т. д.). | I16: Правительство разработало программы повышения квалификации и другие ресурсы для государственных служащих, должностных лиц и персонала в целях повышения согласованности политики в области устойчивого развития. Эти программы были полностью реализованы и охватывают все соответствующие аспекты государственного управления. (Например, были разработаны рамки компетенций, направленные на развитие междисциплинарных знаний и навыков для обеспечения согласованности в разработке политики. Были разработаны учебные курсы для укрепления этих навыков, которые были внедрены для всех соответствующих государственных служащих).
B17: 5. Sub-national Engagement | C17: 5.1 | D17: Существуют ли положения или механизмы для согласования национальных и субнациональных планов, политики, бюджетов или нормативно-правовой базы в целях устойчивого развития? Например, национальные стратегии устойчивого развития определяют соответствующие действия и предписывают взаимодействие на субнациональном уровне; или обмен данными и другие формы взаимодействия между уровнями власти институционализированы иными способами. | E17: Никаких положений или механизмов не предусмотрено, и нет никаких официальных планов или действий по их разработке. | F17: Никаких положений или механизмов не предусмотрено, однако существуют официальные планы по их разработке, либо они в настоящее время находятся в стадии разработки. | G17: Существуют положения или механизмы для согласования национальных и субнациональных планов, политик, бюджетов или нормативно-правовой базы в целях устойчивого развития, но они не реализуются. (Например, национальные стратегии устойчивого развития предусматривают соответствующие действия на субнациональном уровне, но не реализуются посредством инструментов или планов действий и не дополняются местным мониторингом достижения целей устойчивого развития. Это может быть связано с такими проблемами, как ограниченность ресурсов, отсутствие политической воли, институциональное сопротивление, недостаточная подготовка кадров, сложная правовая или политическая база, нормативные пробелы и недостаточное взаимодействие). | H17: Существуют положения или механизмы для согласования национальных и субнациональных планов, политики, бюджетов и нормативно-правовой базы в целях устойчивого развития, но они реализуются лишь частично. (Полноценное внедрение государственных механизмов может быть затруднено такими проблемами, как ограниченность ресурсов, отсутствие политической воли, институциональное сопротивление, недостаточная подготовка кадров, сложная правовая или политическая база, нормативные пробелы и недостаточное взаимодействие). | I17: Разработаны положения или механизмы для согласования национальных и субнациональных планов, политики, бюджетов и нормативно-правовой базы в целях устойчивого развития. Эти механизмы полностью реализованы и охватывают все соответствующие аспекты управления. (Например, национальные стратегии устойчивого развития территориально распределены на субнациональном уровне и дополняются местными индикаторами и системами мониторинга целей устойчивого развития. Передовой опыт и общие проблемы документируются, распространяются и внедряются на всех уровнях государственного управления, способствуя непрерывному совершенствованию. Эти механизмы эффективно используются для вовлечения субнациональных органов власти в СПУР и содействия скоординированным действиям по достижению соответствующих экономических, социальных и экологических целей.)
C18: 5.2 | D18: Существуют ли формальные структуры управления или неформальные каналы для поддержки коммуникации между национальными и субнациональными уровнями власти в целях повышения эффективности СПУР? Например, межтерриториальные комиссии, участие местных органов власти в национальных советах по Повестке дня на период до 2030 года и координационные центры по реализации ЦУР на региональном и местном уровнях. | E18: Не существует никаких формальных структур управления или неформальных каналов, а также никаких формальных планов или действий по их развитию. | F18: Формальных структур управления или неформальных каналов не существует, однако существуют официальные планы по их развитию, либо они в настоящее время находятся в стадии разработки. | G18: Правительство создало формальные структуры управления или неформальные каналы для поддержки коммуникации между национальными и субнациональными уровнями власти, но они не применяются. (Например, платформы для коммуникации созданы, но не работают. Это может быть вызвано отсутствием политической воли, нехваткой ресурсов, бюрократическим сопротивлением, плохой координацией, нормативными пробелами или недостаточным взаимодействием). | H18: Правительство создало формальные структуры управления или неформальные каналы для поддержки коммуникации между национальными и субнациональными уровнями власти, но они реализованы лишь частично. (Например, полное внедрение государственных механизмов может быть затруднено отсутствием политической воли, нехваткой ресурсов, бюрократическим сопротивлением, плохой координацией, нормативными пробелами или недостаточным взаимодействием). | I18: Правительство создало формальные структуры управления или неформальные каналы для поддержки коммуникации между национальным и субнациональным уровнями власти. Эти механизмы полностью реализованы и охватывают все соответствующие аспекты управления. (Например, существуют платформы, такие как межтерриториальные комиссии, для сбора информации от субнациональных субъектов и инициирования официальных обменов между уровнями власти. Эти механизмы действуют и стимулируют открытый обмен идеями и инновационным мышлением для решения межсекторальных политических задач и способствуют многоуровневому диалогу об успешных примерах и сохраняющихся проблемах).
C19: 5.3 | D19: Существуют ли механизмы или процессы, обеспечивающие скоординированные действия национальных и субнациональных агентств в рамках международных инициатив или сотрудничества в целях устойчивого развития? Например, национальные агентства предоставляют консультационные услуги, создают сетевые структуры или организуют встречи субнациональных организаций, участвующих в международных инициативах или сотрудничестве в целях развития. | E19: Никаких механизмов или процессов не существует, и нет никаких формальных планов или действий по их разработке. | F19: Механизмов и процессов не существует, однако существуют официальные планы по их разработке или они в настоящее время находятся в стадии разработки. | G19: Правительство создало механизмы или процессы для координации национальных и субнациональных действий по международным инициативам или сотрудничеству в целях развития в целях устойчивого развития, но они не реализуются. (Например, консультационные службы, сети или руководства существуют, но не используются субнациональными организациями). | H19: Правительство создало механизмы или процессы для координации национальных и субнациональных действий по международным инициативам или сотрудничеству в целях устойчивого развития, но они реализуются лишь частично. (Например, полное внедрение государственных механизмов может быть затруднено нехваткой ресурсов, бюрократическим сопротивлением, слабой координацией между министерствами и ведомствами, недостаточным взаимодействием или сложной правовой базой). | I19: Правительство разработало механизмы и процессы для координации действий на национальном и субнациональном уровнях в рамках международных инициатив или сотрудничества в целях развития в целях устойчивого развития. Эти механизмы полностью реализованы и охватывают все соответствующие аспекты управления. (Например, национальные агентства предоставляют консультационные услуги, создают сети или организуют встречи для субнациональных субъектов, участвующих в международных инициативах или сотрудничестве в целях развития. Многоуровневые и многосторонние партнерства объединяют участников и способствуют обмену передовым опытом, а поддержка точно соответствует потребностям и местному контексту).
B20: 6. Stakeholder-engagement | C20: 6.1 | D20: Существуют ли механизмы участия, обеспечивающие информирование и активное участие заинтересованных сторон на различных этапах цикла разработки политики устойчивого развития или в разработке инициатив в области устойчивого развития на основе подхода, охватывающего все общество? Например, специальные законы, общественные консультации, консультативные комитеты, фокус-группы, онлайн-платформы, регулярные встречи или другие средства позволяют вовлекать и участвовать в процессе принятия решений, собирать обратную связь, решать вопросы согласованности действий и совместно работать над решениями, охватывающими различные слои общества. | E20: Никаких механизмов не существует, и нет никаких формальных планов или действий по их разработке. | F20: Механизмов нет, однако есть официальные планы по их разработке, либо они в настоящее время находятся в стадии разработки. | G20: Механизмы участия заинтересованных сторон в разработке политики устойчивого развития на основе принципа участия всего общества существуют, но не реализуются. (Например, эти механизмы не стали неотъемлемой частью политического цикла, или информация не используется систематически при принятии решений для обеспечения согласованности политики или устойчивого развития; или сохраняются нормативные пробелы). | H20: Механизмы участия заинтересованных сторон в разработке политики устойчивого развития на основе принципа участия всего общества существуют, но реализуются лишь частично. (Например, ряд факторов может ограничивать реализацию. К ним относятся недостаточная политическая воля, неадекватное взаимодействие с заинтересованными сторонами, пробелы в нормативной базе, а также нехватка ресурсов или возможностей). | I20: Механизмы участия заинтересованных сторон в разработке политики устойчивого развития на основе подхода, охватывающего все общество, и в разработке инициатив в области СПУР внедрены и полностью реализуются благодаря подходам, предполагающим участие. (Например, созданы специализированные форумы и возможности для разработки рекомендаций по повышению согласованности политики и предоставления аналитического и стратегического вклада в устойчивое развитие, подкрепленного специальными нормативными положениями. Участие касается соответствующих представителей гражданского общества, академических кругов, частного сектора, профсоюзов и организаций работодателей, работающих в координации с государственными министерствами. Консультации должны проводиться комплексно на различных этапах политического цикла. Заинтересованным сторонам предоставляется подготовительная информация и обратная связь по результатам процесса).
C21: 6.2 | D21: Существуют ли механизмы взаимодействия с маргинализированными и уязвимыми группами общества, отстаивания их потребностей и участия в принятии решений для продвижения инклюзивного устойчивого развития? Например, консультации с различными группами или привлечение их к совместной разработке планов действий, которые комплексно учитывают принцип «никого не оставить позади» в государственной политике и реформах, уделяя особое внимание целевым мерам, направленным на поддержку наиболее отстающих и содействие правам человека, гендерному равенству и социальной интеграции. | E21: Никаких механизмов не существует, и нет никаких формальных планов или действий по их разработке. | F21: Механизмов нет, однако есть официальные планы по их разработке, либо они в настоящее время находятся в стадии разработки. | G21: Правительство создало механизмы для взаимодействия с маргинализированными и уязвимыми группами общества и поддержки их участия в процессе принятия решений в целях содействия инклюзивному устойчивому развитию, однако эти механизмы не реализуются. (Например, эти инициативы не были доведены до сведения общественности, или их результаты не были учтены в стратегиях инклюзивного социального и экономического развития, или сохраняются нормативные пробелы). | H21: Правительство создало механизмы для взаимодействия с маргинализированными и уязвимыми группами общества и поддержки их участия в процессе принятия решений в целях содействия инклюзивному устойчивому развитию, однако они реализуются лишь частично. (Например, ряд факторов может ограничивать реализацию. К ним относятся недостаточная политическая воля, неадекватное взаимодействие с заинтересованными сторонами, пробелы в нормативной базе или нехватка ресурсов или возможностей). | I21: Правительство создало механизмы для взаимодействия с маргинализированными и уязвимыми группами общества и для поддержки их участия в процессе принятия решений в целях содействия инклюзивному устойчивому развитию. Эти механизмы были полностью реализованы и охватывают все соответствующие аспекты управления. (Например, эти инициативы были внедрены в отношении ключевых маргинализированных и уязвимых групп. Результаты были учтены при разработке стратегий, направленных на содействие инклюзивному социально-экономическому развитию, и планов действий, которые комплексно внедряют принцип «никого не оставить позади» в государственную политику и меры реформ, уделяя особое внимание целевым мерам, направленным на поддержку наиболее отстающих и содействие правам человека, гендерному равенству и социальной интеграции).
C22: 6.3 | D22: Внедрило ли правительство механизмы для содействия вовлечению заинтересованных сторон в согласование политики устойчивого развития на различных уровнях управления, для распространения передового опыта и поощрения взаимного обучения? Например, вовлечение посредством глобальных или национальных кампаний, политических диалогов, межправительственных процессов, инициатив по наращиванию потенциала и общественной мобилизации. | E22: Никаких механизмов не существует, и нет никаких формальных планов или действий по их разработке. | F22: Механизмов нет, однако есть официальные планы по их разработке, либо они в настоящее время находятся в стадии разработки. | G22: Правительство разработало механизмы взаимодействия с различными заинтересованными сторонами в рамках инициатив по повышению осведомленности общественности, мобилизации поддержки и продвижению согласованности политики в области устойчивого развития на различных уровнях управления, однако они не были реализованы. (Например, эти инициативы не были доведены до сведения общественности из-за таких факторов, как отсутствие политической воли, нехватка ресурсов, пробелы в нормативной базе и недостаточная вовлеченность). | H22: Правительство разработало механизмы взаимодействия с различными заинтересованными сторонами в рамках инициатив по повышению осведомленности общественности, мобилизации поддержки и продвижению согласованности политики в области устойчивого развития на различных уровнях управления, однако они реализованы лишь частично. (Например, ряд факторов может ограничивать реализацию, в том числе недостаточная политическая воля, пробелы в нормативной базе и недостаточное взаимодействие с заинтересованными сторонами). | I22: Правительство сотрудничало с различными заинтересованными сторонами в реализации инициатив по повышению осведомленности общественности, мобилизации поддержки и продвижению согласованности политики в области устойчивого развития на различных уровнях управления. Эти механизмы были полностью реализованы и охватывают все соответствующие аспекты управления. (Например, правительство сотрудничало с заинтересованными сторонами, поддерживая их участие в широком спектре инициатив, посвященных вопросам устойчивого развития. Были разработаны и проведены специальные кампании для достижения консенсуса по приоритетам повышения согласованности политики в области устойчивого развития, которые также получили распространение на международном уровне для распространения передового опыта и поощрения взаимного обучения).
B23: 7. Impact Assessment | C23: 7.1 | D23: Имеются ли у правительства механизмы или инструменты для проведения регулярных оценок воздействия политики с целью выявления любых положительных и отрицательных воздействий на устойчивое развитие? Например, такие общепринятые инструменты, как анализ затрат и выгод, система показателей для отслеживания эффективности политики или другие инструменты, такие как оценка нормативного, экологического, гендерного и социального воздействия, а также стратегическая оценка, регулярно используются во всех государственных секторах для оценки и согласования политики с целями устойчивого развития. | E23: Никаких механизмов или инструментов, а также формальных планов или действий по их разработке не существует. | F23: Механизмов и инструментов для этого не существует, однако существуют официальные планы по их разработке, либо они в настоящее время находятся в стадии разработки. | G23: Правительство разработало механизмы и инструменты для проведения регулярных оценок воздействия политики с целью выявления любого положительного и отрицательного воздействия на устойчивое развитие, однако они не реализуются. (Например, эти механизмы и инструменты не используются для информирования о процессе принятия решений в области политики и планирования из-за ограниченных возможностей, ресурсов, обучения или пробелов в нормативной базе). | H23: Правительство разработало механизмы и инструменты для проведения регулярных оценок воздействия политики с целью выявления любого положительного и отрицательного воздействия на устойчивое развитие, но они реализуются лишь частично. (Ряд проблем может препятствовать полной реализации. К ним могут относиться ограниченные возможности, ресурсы, нехватка обучения, а также пробелы в нормативной базе). | I23: Правительство разработало механизмы и инструменты для проведения регулярных оценок воздействия политики с целью выявления любых положительных и отрицательных воздействий на устойчивое развитие. Эти механизмы полностью внедрены и охватывают все соответствующие аспекты управления. (Например, правительство интегрировало принципы устойчивого развития в оценку регулирующего воздействия и сделало их обязательными для законопроектов, вносимых министерствами. Имеющиеся данные используются для оценки воздействия и принятия обоснованных решений о распределении ресурсов, повышении эффективности, изменении системы стимулирования и сокращении затрат. Это обеспечивает важную обратную связь на этапах разработки и реализации политики. Для облегчения использования этих инструментов оценки воздействия был создан достаточный технический потенциал и методологические навыки).
C24: 7.2 | D24: Проводило ли правительство предварительную и последующую оценку воздействия политики, учитывающую трансграничное воздействие? Например, такие общепринятые инструменты, как анализ затрат и выгод, оценка трансграничного воздействия, многосторонние консультации, системы показателей и другие, регулярно используются в различных государственных секторах для оценки трансграничного воздействия политики на устойчивое развитие. | E24: Оценка предварительного и последующего воздействия политики не проводятся, и нет никаких официальных планов или действий по ее разработке. | F24: Оценка предварительного и последующего воздействия политики не проводятся; однако существуют официальные планы по ее разработке или она в настоящее время находятся в стадии разработки. | G24: Правительство разработало систему предварительной и последующей оценки воздействия политики, учитывающую трансграничное воздействие, но она не реализуется. (Например, эти механизмы или инструменты не используются для информирования о процессе принятия решений в области политики и планирования из-за ограниченных возможностей, ресурсов, пробелов в обучении или нормативной базе). | H24: Правительство разработало систему предварительной и последующей оценки воздействия политики, учитывающую трансграничное воздействие, но она реализуется лишь частично. (Например, ряд проблем может препятствовать полной реализации. К ним могут относиться ограниченные возможности, ресурсы, пробелы в обучении или нормативно-правовой базе). | I24: Правительство внедрило систему предварительной и последующей оценки воздействия политики, учитывающую трансграничные последствия. Эти механизмы полностью внедрены и охватывают все соответствующие аспекты управления. (Например, для регулярной оценки международных последствий государственной политики используются такие признанные инструменты, как оценка трансграничного воздействия, механизмы анализа перетоков и многосторонние консультации. Эти механизмы эффективно используются для содействия принятию обоснованных решений в процессе разработки политики и планирования).
C25: 7.3 | D25: Имеются ли в правительстве механизмы для наращивания потенциала государственных служащих в области сбора и анализа данных о влиянии различных политик, законов и нормативных актов на устойчивое развитие? Например, обучение, призванное помочь государственным служащим стратегически учитывать положительное и отрицательное влияние политик, законов и нормативных актов на устойчивое развитие. | E25: Никаких механизмов не существует, и нет никаких формальных планов или действий по их разработке. | F25: Механизмов нет, однако есть официальные планы по их разработке, либо они в настоящее время находятся в стадии разработки. | G25: Правительство разработало механизмы, обеспечивающие наращивание потенциала государственных служащих в области сбора и анализа данных о влиянии различных политик, законов и нормативных актов на устойчивое развитие, однако эти механизмы не были внедрены и не были доведены до сведения государственных служащих. (Например, эти инициативы не были внедрены из-за таких факторов, как отсутствие политической воли, нехватка ресурсов, пробелы в нормативной базе и недостаточная вовлеченность). | H25: Правительство разработало механизмы, обеспечивающие наращивание потенциала государственных служащих в области сбора и анализа данных о влиянии различных политик, законов и нормативных актов на устойчивое развитие, однако эти механизмы были внедрены и доведены до сведения государственных служащих лишь частично. (Например, ряд проблем может препятствовать полной реализации. К ним могут относиться ограниченность ресурсов или нехватка политической воли). | I25: Правительство разработало механизмы, обеспечивающие наращивание потенциала государственных служащих в области сбора и анализа данных о влиянии различных политик, законов и нормативных актов на устойчивое развитие. Эти инициативы были полностью реализованы и внедрены для государственных служащих. (Например, обучение, призванное помочь государственным служащим стратегически реагировать на позитивные и негативные воздействия политики на устойчивое развитие, внедрено для всех соответствующих сотрудников. Разработаны рамки компетенций для выявления и укрепления необходимых навыков государственных служащих, чтобы государственные служащие могли выполнять национальные задачи в области устойчивого развития).
B26: 8. Monitoring, Evaluation, and Reporting | C26: 8.1 | D26: Имеются ли в правительстве системы управления информацией или аналогичные механизмы для последовательного выявления и централизации данных, индикаторов и (или) другой информации для мониторинга прогресса в области устойчивого развития? Например, централизация существующих достоверных данных, индикаторов и информации для мониторинга экономических, социальных и экологических внешних эффектов, возникающих за пределами национальных границ (трансграничное воздействие). | E26: Системы управления информацией или аналогичные механизмы отсутствуют, и нет никаких официальных планов или действий по их разработке. | F26: Системы управления информацией или аналогичные механизмы отсутствуют, однако существуют официальные планы по их разработке, либо они в настоящее время находятся в стадии разработки. | G26: Системы управления информацией или аналогичные механизмы разработаны, и правительство определило и централизовало данные, индикаторы и (или) другую информацию для мониторинга прогресса в области устойчивого развития, но они не применяется. (Например, индикаторы ещё не заполнены актуальными данными или не были широко доступны государственным служащим; сохраняются нормативные пробелы; или системы или механизмы ещё не функционируют). | H26: Существуют системы управления информацией или аналогичные механизмы, и правительство определило и централизовало данные, индикаторы и (или) другую информацию для мониторинга прогресса в области устойчивого развития, но внедрило их лишь частично. (Например, некоторые факторы могут препятствовать полной реализации. К ним могут относиться отсутствие данных или индикаторов, неосведомленность или недостаточная подготовка государственных служащих для доступа к системе, сохраняющиеся нормативные пробелы или системы или механизмы еще не полностью функционируют). | I26: Существуют системы управления информацией или аналогичные механизмы, и правительство определило данные, индикаторы и (или) другую информацию для мониторинга трансграничного воздействия. Эти механизмы полностью внедрены и охватывают все соответствующие аспекты управления. (Hапример, Правительство определило надежные и актуальные данные и индикаторы для эффективного мониторинга прогресса в области устойчивого развития. Системы управления информацией или их механизмы существуют и обеспечивают доступность и сопоставимость централизованных и гармонизированных данных об устойчивом развитии для общественности. Это может включать индикаторы, используемые для мониторинга тенденций, основанных на потоках доходов и ресурсов, которые влияют на благосостояние людей в других странах. Например, в области торговли и помощи (официальная помощь в целях развития, денежные переводы, импорт товаров), а также окружающей среды и ресурсов (импорт ископаемого топлива, импорт металлов, выбросы парниковых газов)).
C27: 8.2 | D27: Имеются ли у правительства механизмы для предоставления регулярных и прозрачных отчетов соответствующим национальным органам (например, парламенту, министерствам или другим ведомствам) о ходе реализации СПУР? Например, регулярные отчеты парламенту, министерствам или другим ведомствам о ходе реализации СПУР. Информация о ходе реализации также может включаться в добровольческие национальные обзоры и отчеты о деятельности по сотрудничеству в целях развития. | E27: Никаких механизмов не существует, и нет никаких формальных планов или действий по их разработке. | F27: Механизмов нет, однако есть официальные планы по их разработке, либо они в настоящее время находятся в стадии разработки. | G27: Механизмы регулярной и прозрачной отчетности перед соответствующими национальными органами существуют, но не реализуются. (Hапример, информация не предоставляется из-за длительных бюрократических процедур или отсутствия достаточного сбора данных, а также нормативных пробелов). | H27: Механизмы регулярной и прозрачной отчетности перед соответствующими национальными органами существуют, но реализуются лишь частично. (Ряд проблем может препятствовать полной реализации. К ним относятся административная нагрузка, отсутствие регулярного сбора данных и нормативные пробелы). | I27: Механизмы регулярной и прозрачной отчетности перед соответствующими национальными органами внедрены. Эти механизмы полностью реализованы и охватывают все соответствующие аспекты управления. (Hапример, регулярно публикуются отчеты для парламента, министерств и других органов, а также для широкой общественности о ходе реализации СПУР, в которых описывается прогресс в достижении приоритетов политики и о том, как реализуется политика в отношении вопросов устойчивого развития).
C28: 8.3 | D28: Имеются ли в правительстве механизмы, обеспечивающие регулярную оценку результатов СПУР и их использование для принятия адаптивных мер, в том числе с учетом синергии и потенциальных компромиссов между отраслевыми политиками? Например, системы оценки систематически оценивают согласованность политики с различными отраслевыми приоритетами и стратегиями, предоставляя лицам, принимающим решения, практические рекомендации. | E28: Никаких механизмов не существует, и нет никаких формальных планов или действий по их разработке. | F28: Механизмов нет, однако есть официальные планы по их разработке, либо они в настоящее время находятся в стадии разработки. | G28: Механизмы оценки CПУР существуют, включая синергию и потенциальные компромиссы между отраслевыми политиками, но они не внедрены и не используются для принятия обоснованных решений. (Hапример, эти системы оценки не применяются из-за их административной нагрузки, отсутствия данных, или их результаты не доводятся до сведения лиц, принимающих решения, сохраняются нормативные пробелы, или механизмы пока не используются для принятия адаптивных мер). | H28: Механизмы оценки CПУР существуют, включая синергию и потенциальные компромиссы между отраслевыми политиками, но они реализованы лишь частично и используются для обоснования принятия решений и обеспечения принятия адаптивных мер. (Ряд проблем может препятствовать полной реализации. К ним могут относиться административная нагрузка, ограниченные технические возможности или нехватка данных, сохраняющиеся нормативные пробелы или ещё не в полной мере используемые механизмы для принятия адаптивных мер). | I28: Механизмы оценки CПУР, включая синергию и потенциальные компромиссы между отраслевыми политиками, существуют и полностью реализованы, что гарантирует использование результатов для принятия решений и адаптивных мер. (Hапример, эти системы оценки систематически используются для информирования лиц, принимающих решения, как неотъемлемая часть политического цикла, подкрепленная достаточными данными, потенциалом и нормативными положениями).

Sheet P2
B2: Таблица P2: Дополнительный информационный лист
B4: Общая информация
B6: Страна:
B8: Государственный орган для связи:
B10: Контактное лицо:
B12: Адрес электронной почты:
B16: 1. Пожалуйста, предоставьте любую дополнительную информацию, которая может помочь в интерпретации ваших данных, например, национальные определения, методы исследования, заявления о качестве данных и т. д.
B19: 2. Опишите трудности, возникшие при заполнении вопросника.
B22: 3. Пожалуйста, предоставьте дополнительные рекомендации по улучшению вопросника.
B25: 4. Чтобы другие страны могли воспользоваться вашим опытом, ЮНЕП и ОЭСР хотели бы опубликовать данный вопросник с вашими национальными отзывами. Пожалуйста, укажите, есть ли у вас возражения против публикации вопросника на веб-сайтах ЮНЕП/ОЭСР. Отсутствие ответа на этот вопрос будет считаться согласием страны на публикацию результатов.

Sheet Lists
A1: Countries | B1: Answers | C1: Answer Points | F1: List of Questions
A2: Afghanistan | F2: Question | G2: Не ​разработан | H2: В разработке | I2: ​Pазработан, но не применяется | J2: Pазработан, но применяется частично | K2: Pазработан и полностью применяется
A3: Albania | B3: Не ​разработан | C3: 0 | F3: 1.1 | G3: Отсутствует четкое политическое заявление и нет планов или действий по его включению в национальные стратегические документы, политику или законодательство. | H3: Чёткого политического заявления нет; однако существуют официальные планы его разработки и включения в национальные стратегические документы, политику или законодательство, в том числе на отраслевом уровне, или оно в настоящее время находится в стадии разработки. (Например, готовящийся новый или обновлённый национальный стратегический документ, политика или закон с чёткой приверженностью принципам устойчивого развития). | I3: На самом высоком уровне правительства имеется чёткое политическое заявление, демонстрирующее приверженность принципам устойчивого развития, но оно не реализуется. (Например, приверженность принципам устойчивого развития отражена в отраслевых стратегиях, политике или законах, но отсутствуют планы действий, приоритетные направления, институциональные роли и обязанности по их поддержке. Никакая деятельность не приводит к эффективному воплощению принципов СПУР в действия). | J3: На самом высоком уровне правительства имеется четкое политическое заявление, демонстрирующее приверженность принципам СПУР, однако уровень их реализации недостаточен. (Например, некоторые элементы могут отсутствовать, что препятствует полной реализации обязательств по СПУР. Это может быть связано с нечеткими полномочиями по надзору, ролями и обязанностями, недостаточным финансированием, возможностями или данными, бременем регулирования, нормативными пробелами или длительными бюрократическими процедурами). | K3: На самом высоком уровне правительства сделано четкое политическое заявление, демонстрирующее приверженность принципам СПУР, реализуемым во всех соответствующих аспектах управления. (Например, правительство сделало четкое политическое заявление на самом высоком уровне, демонстрирующее приверженность принципам СПУР. Политическое руководство активно продвигает СПУР и поддерживает цели устойчивого развития, обеспечивая соответствие политики, законов и институциональных механизмов этим целям, в том числе на отраслевом уровне, где это применимо. Эта приверженность воплощается в конкретные механизмы и действия во всех соответствующих секторах и стратегиях, в том числе отражактся через интеграцию СПУР в соответствующие политические и законодательные рамки, стратегическое планирование и оперативную деятельность, формирование культуры устойчивого развития во всех органах власти. Заинтересованные стороны вовлечены, общественная поддержка мобилизована, а также внедрены надежные механизмы мониторинга и оценки для отслеживания прогресса и обеспечения отчетности).
A4: Algeria | B4: В разработке | C4: 1 | F4: 1.2 | G4: Четких национальных приоритетных направлений не создано, равно как и планов или действий по их определению. | H4: Чётких национальных приоритетных направлений нет; однако существуют официальные планы по их определению или они в настоящее время находятся в стадии разработки. (Например, готовящийся новый или обновленный национальный стратегический документ, политика или закон с четкой приверженностью принципам СПУР). | I4: Правительство определило четкие национальные приоритетные направления развития СПУР, однако конкретные действия по их решению не были реализованы. (Например, не было принято никаких конкретных мер по решению приоритетных направлений развития СПУР в отраслевых стратегиях, политике или нормативных актах. Кроме того, принятые меры не обеспечили эффективного решения этих приоритетных задач). | J4: Правительство определило четкие национальные приоритетные направления для продвижения СПУР, но уровень их реализации недостаточен. (Например, некоторые факторы могут препятствовать полной реализации. К ним могут относиться недостаточное финансирование, нехватка ресурсов, данных, разрозненность институциональных подходов, пробелы в нормативно-правовой базе, в том числе на отраслевом уровне, или длительные бюрократические процедуры). | K4: Правительство определило четкие национальные приоритетные направления для продвижения ПУР, которые реализуются с охватом всех соответствующих аспектов управления. (Например, определенные приоритеты интегрированы в отраслевую политику, стратегии и планы действий с четко определенными сроками, направляя усилия на достижение целей устойчивого развития, используя синергию между секторами и учитывая потенциальное трансграничное воздействие политики. Осуществляется активная межсекторальная координация для согласования инициатив с этими приоритетами, что способствует применению комплексного подхода в рамках всего правительства).
A5: Andorra | B5: ​Pазработан, но не применяется | C5: 2 | F5: 1.3 | G5: Отсутствуют четкие институциональные роли и обязанности, а также планы или действия по их определению. | H5: Чётких институциональных ролей и обязанностей не существует; однако существуют официальные планы по их определению или они в настоящее время находятся в стадии разработки. (Например, предстоящие изменения в правительственных структурах; новые полномочия существующих органов или институциональных структур, определяющие чёткую роль в области управления рисками и социальными рисками, или создание новых органов или учреждений, прямо уполномоченных усиливать управление рисками и социальными рисками в рамках всего правительства). | I5: Правительство определило четкие институциональные роли и обязанности по продвижению, контролю и внедрению принципов СПУР, но эти роли еще не реализованы. (Например, факторы, которые могут препятствовать внедрению, включают: недостаточное финансирование, ограниченность возможностей, нормативное бремя, нормативные пробелы, отсутствие конкретных полномочий, недостаточную политическую волю, проблемы координации, недостаточное взаимодействие с заинтересованными сторонами, слабое межведомственное взаимодействие и т. д.). | J5: Правительство четко определило институциональные роли и обязанности по продвижению, контролю и реализации СПУР. Однако эти роли были реализованы лишь частично. (Неполная реализация могла быть обусловлена рядом проблем, включая ограниченные финансовые, кадровые или технические ресурсы, сопротивление со стороны существующих институциональных практик, отсутствие межведомственного взаимодействия, пробелы в нормативной базе, а также недостаточное развитие потенциала сотрудников, занимающихся СПУР). | K5: Правительство определило четкие институциональные роли и обязанности по продвижению, контролю и внедрению принципов СПУР. На практике эти роли всесторонне реализуются во всех соответствующих аспектах государственного управления. (Например, создан головной орган с четкими полномочиями по продвижению и контролю внедрения принципов СПУР в рамках всего правительства. Полномочия и роль этого органа хорошо известны всему правительству в различных секторах и на разных уровнях).
A6: Angola | B6: Pазработан, но применяется частично | C6: 3 | F6: 2.1 | G6: Отсутствует стратегическое долгосрочное видение устойчивого развития, а также нет планов или действий по его разработке. | H6: Стратегическое долгосрочное видение устойчивого развития отсутствует; однако существуют официальные планы по его разработке, или оно в настоящее время находится в стадии разработки. (Например, готовящееся новое или обновленное национальное заявление о долгосрочном видении, политика или стратегия по выявлению, предотвращению и смягчению фактических и потенциальных негативных последствий принятия решений для благополучия и устойчивого развития будущих поколений). | I6: Правительство разработало и официально приняло стратегическое долгосрочное видение устойчивого развития для повышения согласованности политики, но оно ещё не реализовано. (Например, отраслевые стратегии и политика не включают ключевые элементы долгосрочного видения. В них отсутствуют чёткие цели по выявлению, предотвращению или снижению потенциального негативного воздействия принимаемых решений на благополучие и устойчивое развитие будущих поколений). | J6: Правительство разработало стратегическое долгосрочное видение устойчивого развития для повышения согласованности политики, однако его реализация недостаточна. (Например, ряд проблем может препятствовать полной реализации. К ним относятся слабая интеграция в отраслевую политику, неопределённые цели, ограниченное взаимодействие с заинтересованными сторонами, недостаточный мониторинг, ограниченность возможностей, пробелы в нормативной базе и низкая осведомлённость общественности). | K6: Правительство разработало стратегическое долгосрочное видение устойчивого развития для повышения согласованности политики, которое реализуется во всех соответствующих аспектах управления. (Например, существует долгосрочное видение или стратегия, устанавливающая долгосрочные цели и задачи устойчивого развития и направляющая процесс принятия краткосрочных решений с учетом благополучия и устойчивого развития будущих поколений. Это стратегическое видение интегрировано во все соответствующие отраслевые стратегии и политику и воплощено в конкретные действия по выявлению, предотвращению и смягчению потенциальных неблагоприятных последствий для будущих поколений. Этот процесс включает в себя взаимодействие с заинтересованными сторонами, обеспечение законодательной и общественной поддержки, а также разработку надежных систем мониторинга и оценки).
A7: Antigua and Barbuda | B7: Pазработан и полностью применяется | C7: 4 | F7: 2.2 | G7: Инструментов долгосрочного стратегического планирования не создано, равно как и планов и действий по их разработке. | H7: Инструменты долгосрочного стратегического планирования отсутствуют; однако существуют официальные планы по их разработке, либо они в настоящее время находятся в стадии разработки. (Например, предстоящее создание специализированных подразделений стратегического прогнозирования в центральных органах правительства или министерств, внесение изменений в существующие инструменты оценки воздействия и разработка новых учебных программ, связанных с инструментами долгосрочного планирования и подходами системного мышления). | I7: Правительство разработало инструменты долгосрочного стратегического планирования для повышения согласованности политики, но эти инструменты пока не внедрены. (Например, ограничения ресурсов, отсутствие политической воли, институциональное сопротивление, недостаточная подготовка кадров, сложность использования инструментов, нормативные пробелы и недостаточное взаимодействие могут быть факторами, препятствующими внедрению). | J7: Правительство использует инструменты долгосрочного стратегического планирования для повышения согласованности. Однако эти инструменты реализованы лишь частично. (Например, ряд проблем может препятствовать полной реализации. К ним относятся: ограниченность ресурсов, недостаточная политическая воля, институциональное сопротивление, пробелы в нормативной базе, недостаточная подготовка кадров и т. д.). | K7: Правительство использует инструменты долгосрочного стратегического планирования для повышения согласованности политики, охватывая все соответствующие аспекты управления. (Например, правительство обычно использует инструменты долгосрочного стратегического планирования (например, оценку воздействия, стратегическое прогнозирование, разработку сценариев, инструменты комплексного моделирования или системные подходы) при разработке и реализации стратегий и политик. Эти инструменты помогают выявлять, предотвращать и смягчать потенциально неблагоприятное воздействие на благополучие и устойчивое развитие будущих поколений. Эти инструменты активно используются для информирования лиц, принемающих решения).
A8: Argentina | F8: 2.3 | G8: Никаких институциональных механизмов не создано, равно как и планов или действий по их созданию. | H8: Институциональные механизмы или механизмы отсутствуют; однако существуют официальные планы по их созданию или они в настоящее время находятся в стадии разработки. (Например, предстоящее создание специализированного или независимого органа, такого как национальные комиссии по устойчивому развитию, независимые органы, комиссар, совет или омбудсмен для будущих поколений с конкретным мандатом по усилению СПУР, который охватывает сроки полномочий правительства и избирательные циклы, обеспечивая преемственность усилий СПУР между различными администрациями.) | I8: Правительство создало специальные институциональные механизмы для поддержки долгосрочного видения СПУР. Однако их задачи пока не применяются. (Например, ряд факторов может препятствовать реализации, включая нечеткие полномочия, ограниченность ресурсов, недостаточную политическую волю, институциональное сопротивление, недостаточное взаимодействие с заинтересованными сторонами, нормативные пробелы, а также низкий уровень общественной осведомленности и поддержки). | J8: Правительство создало специальные институциональные механизмы для поддержки долгосрочного видения СПУР. Однако их задачи были реализованы лишь частично. (Например, полная реализация государственных мер может быть затруднена политическим вмешательством, нехваткой ресурсов, бюрократическим сопротивлением, плохой координацией между министерствами и ведомствами, общественным сопротивлением, сложной правовой базой, нормативными пробелами или другими пробелами в мониторинге и оценке). | K8: Правительство создало специальные институциональные механизмы или механизмы для поддержки долгосрочного видения СПУР. Их задачи реализуются комплексно и охватывают все соответствующие аспекты управления. (Например, правительство создало специальный орган с четкими полномочиями и ресурсами, чтобы гарантировать, что его приверженность СПУР выходит за рамки избирательных циклов и сроков полномочий правительства. Этот орган имеет четкие цели, достаточные ресурсы и поддерживает эффективную коммуникацию, сильное руководство, взаимодействие с заинтересованными сторонами и координацию между министерствами и ведомствами. Он также располагает надежными системами мониторинга и оценки и обладает гибкостью для адаптации к меняющимся обстоятельствам).
A9: Armenia | F9: 3.1 | G9: Бюджетный процесс отсутствует, и нет никаких официальных планов или действий по его разработке. | H9: Бюджетный процесс отсутствует; однако существуют официальные планы по его разработке, либо он в настоящее время находится в стадии разработки. (Например, предстоящее введение новых директив по подготовке годового бюджета с целью интеграции устойчивого развития в отраслевую политику или внедрение новых практик, таких как кодирование и маркировка ЦУР, бюджетирование, ориентированное на результаты, в соответствии с ЦУР, и увязка процесса стратегического бюджетирования с ЦУР). | I9: Правительство разработало бюджетный процесс для интеграции устойчивого развития в отраслевую политику и обеспечения синергии и компромиссов в экономической, социальной и экологической сферах, но он пока не применяется. (Например, ряд факторов может препятствовать реализации, включая сложность интеграции устойчивого развития в существующие структуры, балансировку распределения ресурсов между конкурирующими целями, необходимость наращивания потенциала институтов, необходимость сильной политической воли и приверженности, нормативные пробелы и финансовые ограничения). | J9: Правительство разработало бюджетный процесс для интеграции устойчивого развития в отраслевую политику и обеспечения синергии и компромиссов в экономической, социальной и экологической сферах, однако его реализация остаётся частичной. (Например, ряд проблем может препятствовать полной реализации, включая сложность интеграции приоритетов устойчивого развития в существующие структуры, трудности со сбором данных, балансировкой распределения ресурсов между конкурирующими целями, слабый институциональный потенциал, недостаточную политическую волю и приверженность, нормативные пробелы и финансовые ограничения). | K9: Правительство разработало бюджетный процесс для интеграции устойчивого развития в отраслевую политику и обеспечения синергии и компромиссов в экономической, социальной и экологической сферах. Вопросы устойчивого развития интегрированы на всех этапах бюджетного процесса. (Например, устойчивое развитие эффективно интегрируется в отраслевую политику посредством бюджетного процесса (например, разработки, утверждения, исполнения и контроля бюджета), способствуя синергии между секторами политики, стратегически балансируя распределение ресурсов для достижения экономических, социальных и экологических целей, а также способствуя сотрудничеству и координации между государственными ведомствами и агентствами).
A10: Australia | F10: 3.2 | G10: Отсутствуют какие-либо механизмы или инструменты, а также планы или действия по их разработке. | H10: Механизмов и инструментов для этого не существует, однако существуют официальные планы по их разработке, либо они в настоящее время находятся в стадии разработки. | I10: Правительство разработало специальные механизмы и инструменты для интеграции устойчивого развития в отраслевые и финансовые планы отраслевых министерств. Однако эти механизмы пока не применяются. (Например, ряд проблем может препятствовать реализации, включая ограниченное финансирование, ограниченность возможностей, ограниченность данных и информации, проблемы координации, нехватку политической воли и пробелы в нормативной базе). | J10: Правительство разработало специальные механизмы и инструменты для интеграции устойчивого развития в отраслевые и финансовые планы отраслевых министерств. Однако эти механизмы реализованы лишь частично. (Например, частичной реализации может способствовать ряд факторов, включая недостаточное финансирование, ограниченность возможностей, бюрократические препоны, проблемы координации, отсутствие данных, нормативные пробелы и т. д.). | K10: Правительство разработало специальные механизмы и инструменты для интеграции устойчивого развития в отраслевые и финансовые планы отраслевых министерств. Эти механизмы были внедрены в полном объеме, охватывая все соответствующие аспекты управления. (Например, созданные механизмы и инструменты обеспечили интеграцию приоритетов устойчивого развития в каждый сектор и финансовый план, способствуя эффективному достижению целей устойчивого развития. Эти механизмы и инструменты также способствуют формированию культуры устойчивого развития на всех уровнях и во всех секторах государственного управления, способствуя постоянному совершенствованию и внедрению инноваций в практику устойчивого развития).
A11: Austria | F11: 3.3 | G11: Никаких механизмов или мер не предусмотрено, равно как и никаких планов или действий по их разработке. | H11: Механизмов и мер не существует, однако существуют официальные планы по их разработке или они в настоящее время находятся в стадии разработки. | I11: Правительство разработало механизмы и меры по содействию мобилизации финансовых ресурсов для поддержки СПУР. Однако эти механизмы пока не применяются. (Например, ряд проблем может препятствовать применению, включая недостаточное финансирование, потенциал, координацию или недостаточное взаимодействие с заинтересованными сторонами). | J11: Правительство разработало механизмы и меры по содействию мобилизации финансовых ресурсов для поддержки СПУР. Однако эти механизмы реализованы лишь частично. (Например, некоторые факторы могут препятствовать полной реализации. К ним могут относиться недостаточное финансирование, потенциал, координация или недостаточное взаимодействие с заинтересованными сторонами). | K11: Правительство разработало механизмы и реализовало меры по мобилизации финансовых ресурсов для поддержки СПУР. Эти механизмы применялись комплексно и охватывали все соответствующие аспекты управления. (Например, разработанные механизмы и реализованные меры привели к разработке конкретных программ или стратегий, способствующих увеличению вклада внутренних ресурсов в устойчивое развитие, или созданию стимулов для привлечения частных инвестиций в устойчивое развитие, или содействовали развитию государственно-частного партнерства, способствующего мобилизации финансовых ресурсов для содействия устойчивому развитию).
A12: Azerbaijan | F12: 4.1 | G12: Не создано никаких механизмов координации высокого уровня, а также планов или действий по их созданию. | H12: Механизмов координации высокого уровня не создано, однако существуют официальные планы по их созданию, либо они в настоящее время находятся в стадии разработки. | I12: Правительство создало координационные механизмы высокого уровня с четкими полномочиями для обеспечения общеправительственной координации СПУР, в том числе на отраслевом уровне. Однако эти механизмы до сих пор не применяется. (Например, ряд факторов может препятствовать реализации, включая недостаточную политическую волю, бюрократическую неэффективность, информационную асимметрию, сопротивление заинтересованных сторон, корыстные интересы, сложность координации, нормативные пробелы и отсутствие отчетности). | J12: Правительство создало высокоуровневые координационные механизмы с четкими полномочиями для обеспечения общеправительственной координации СПУР, в том числе на отраслевом уровне. Однако эти механизмы были реализованы лишь частично. (Например, ряд проблем может привести к частичной реализации, включая смену политического руководства и приоритетов, нехватку технических ресурсов, нормативные пробелы, бюрократическое и отраслевое сопротивление и т. д.). | K12: Правительство создало высокоуровневые координационные механизмы с четкими полномочиями для обеспечения общеправительственной координации СПУР, в том числе на отраслевом уровне. Эти механизмы полностью реализованы и охватывают все соответствующие аспекты управления. (Например, высокоуровневый координационный механизм регулярно функционирует для поддержки общеправительственной координации в области СПУР. Этот механизм имеет четкие полномочия, достаточные ресурсы и возможности предвидеть и устранять расхождения в политике, включая потенциальные негативные последствия политики и противоречия, возникающие из-за расхождения приоритетов и различий в отраслевых интересах).
A13: Bahamas | F13: 4.2 | G13: Формальных структур управления или неформальных каналов не существует, и нет никаких планов или действий по их развитию. | H13: Формальные структуры управления или неформальные каналы пока не существуют, однако существуют официальные планы по их развитию, либо они в настоящее время находятся в стадии разработки. | I13: Правительство создало формальные структуры управления или неформальные каналы для поддержки коммуникации между отраслевыми министерствами и ведомствами в целях повышения эффективности СПУР. Однако эти механизмы пока не внедрены. (Например, ряд факторов может препятствовать внедрению, включая сопротивление изменениям, несоответствие организационной культуре, корыстные интересы, нехватка ресурсов, пробелы в нормативно-правовой базе и неблагоприятные внешние условия, такие как политическая нестабильность или смена правительства). | J13: Правительство создало формальные структуры управления или неформальные каналы для поддержки взаимодействия между отраслевыми министерствами и ведомствами в целях повышения эффективности СПУЗ. Однако эти механизмы реализованы лишь частично. (Например, полной реализации могут препятствовать бюрократическая негибкость, ограниченность ресурсов, слабая коммуникация, сопротивление изменениям, пробелы в нормативной базе и внешние факторы, такие как политическая нестабильность или экономический спад). | K13: Правительство создало формальные структуры управления или неформальные каналы для поддержки взаимодействия между отраслевыми министерствами и ведомствами в целях повышения эффективности СПУР. Эти механизмы были полностью реализованы и охватывают все соответствующие аспекты управления. (Например, создание этих структур и каналов привело к улучшению сотрудничества, координации и обмена информацией между всеми секторами государственного управления. Это укрепило соответствие политики Целям устойчивого развития и способствовало формированию культуры постоянного совершенствования и инноваций в государственном управлении).
A14: Bahrain | F14: 4.3 | G14: Не существует программ повышения квалификации или других ресурсов, а также нет планов или действий по их развитию. | H14: Программ повышения квалификации или других ресурсов не существует; однако существуют официальные планы по их разработке или они в настоящее время находятся в стадии разработки. | I14: Правительство разработало программы повышения квалификации и другие ресурсы для государственных служащих, должностных лиц и персонала, чтобы повысить согласованность политики в области устойчивого развития. Однако эти программы ещё не реализованы. (Например, ряд проблем может препятствовать реализации программ. К ним относятся недостаточное финансирование, ограниченность возможностей, бюрократические препоны, проблемы координации, отсутствие данных, нормативные пробелы и т. д.). | J14: Правительство разработало программы повышения квалификации и другие ресурсы для государственных служащих, должностных лиц и персонала в целях повышения согласованности политики в области устойчивого развития. Однако эти программы были реализованы лишь частично. (Например, частичной реализации может способствовать ряд факторов, включая недостаточное финансирование, ограниченность возможностей, бюрократические препоны, проблемы координации, недостаточное взаимодействие и т. д.). | K14: Правительство разработало программы повышения квалификации и другие ресурсы для государственных служащих, должностных лиц и персонала в целях повышения согласованности политики в области устойчивого развития. Эти программы были полностью реализованы и охватывают все соответствующие аспекты государственного управления. (Например, были разработаны рамки компетенций, направленные на развитие междисциплинарных знаний и навыков для обеспечения согласованности в разработке политики. Были разработаны учебные курсы для укрепления этих навыков, которые были внедрены для всех соответствующих государственных служащих).
A15: Bangladesh | F15: 5.1 | G15: Никаких положений или механизмов не предусмотрено, и нет никаких официальных планов или действий по их разработке. | H15: Никаких положений или механизмов не предусмотрено, однако существуют официальные планы по их разработке, либо они в настоящее время находятся в стадии разработки. | I15: Существуют положения или механизмы для согласования национальных и субнациональных планов, политик, бюджетов или нормативно-правовой базы в целях устойчивого развития, но они не реализуются. (Например, национальные стратегии устойчивого развития предусматривают соответствующие действия на субнациональном уровне, но не реализуются посредством инструментов или планов действий и не дополняются местным мониторингом достижения целей устойчивого развития. Это может быть связано с такими проблемами, как ограниченность ресурсов, отсутствие политической воли, институциональное сопротивление, недостаточная подготовка кадров, сложная правовая или политическая база, нормативные пробелы и недостаточное взаимодействие). | J15: Существуют положения или механизмы для согласования национальных и субнациональных планов, политики, бюджетов и нормативно-правовой базы в целях устойчивого развития, но они реализуются лишь частично. (Полноценное внедрение государственных механизмов может быть затруднено такими проблемами, как ограниченность ресурсов, отсутствие политической воли, институциональное сопротивление, недостаточная подготовка кадров, сложная правовая или политическая база, нормативные пробелы и недостаточное взаимодействие). | K15: Разработаны положения или механизмы для согласования национальных и субнациональных планов, политики, бюджетов и нормативно-правовой базы в целях устойчивого развития. Эти механизмы полностью реализованы и охватывают все соответствующие аспекты управления. (Например, национальные стратегии устойчивого развития территориально распределены на субнациональном уровне и дополняются местными индикаторами и системами мониторинга целей устойчивого развития. Передовой опыт и общие проблемы документируются, распространяются и внедряются на всех уровнях государственного управления, способствуя непрерывному совершенствованию. Эти механизмы эффективно используются для вовлечения субнациональных органов власти в СПУР и содействия скоординированным действиям по достижению соответствующих экономических, социальных и экологических целей.)
A16: Barbados | F16: 5.2 | G16: Не существует никаких формальных структур управления или неформальных каналов, а также никаких формальных планов или действий по их развитию. | H16: Формальных структур управления или неформальных каналов не существует, однако существуют официальные планы по их развитию, либо они в настоящее время находятся в стадии разработки. | I16: Правительство создало формальные структуры управления или неформальные каналы для поддержки коммуникации между национальными и субнациональными уровнями власти, но они не применяются. (Например, платформы для коммуникации созданы, но не работают. Это может быть вызвано отсутствием политической воли, нехваткой ресурсов, бюрократическим сопротивлением, плохой координацией, нормативными пробелами или недостаточным взаимодействием). | J16: Правительство создало формальные структуры управления или неформальные каналы для поддержки коммуникации между национальными и субнациональными уровнями власти, но они реализованы лишь частично. (Например, полное внедрение государственных механизмов может быть затруднено отсутствием политической воли, нехваткой ресурсов, бюрократическим сопротивлением, плохой координацией, нормативными пробелами или недостаточным взаимодействием). | K16: Правительство создало формальные структуры управления или неформальные каналы для поддержки коммуникации между национальным и субнациональным уровнями власти. Эти механизмы полностью реализованы и охватывают все соответствующие аспекты управления. (Например, существуют платформы, такие как межтерриториальные комиссии, для сбора информации от субнациональных субъектов и инициирования официальных обменов между уровнями власти. Эти механизмы действуют и стимулируют открытый обмен идеями и инновационным мышлением для решения межсекторальных политических задач и способствуют многоуровневому диалогу об успешных примерах и сохраняющихся проблемах).
A17: Belarus | F17: 5.3 | G17: Никаких механизмов или процессов не существует, и нет никаких формальных планов или действий по их разработке. | H17: Механизмов и процессов не существует, однако существуют официальные планы по их разработке или они в настоящее время находятся в стадии разработки. | I17: Правительство создало механизмы или процессы для координации национальных и субнациональных действий по международным инициативам или сотрудничеству в целях развития в целях устойчивого развития, но они не реализуются. (Например, консультационные службы, сети или руководства существуют, но не используются субнациональными организациями). | J17: Правительство создало механизмы или процессы для координации национальных и субнациональных действий по международным инициативам или сотрудничеству в целях устойчивого развития, но они реализуются лишь частично. (Например, полное внедрение государственных механизмов может быть затруднено нехваткой ресурсов, бюрократическим сопротивлением, слабой координацией между министерствами и ведомствами, недостаточным взаимодействием или сложной правовой базой). | K17: Правительство разработало механизмы и процессы для координации действий на национальном и субнациональном уровнях в рамках международных инициатив или сотрудничества в целях развития в целях устойчивого развития. Эти механизмы полностью реализованы и охватывают все соответствующие аспекты управления. (Например, национальные агентства предоставляют консультационные услуги, создают сети или организуют встречи для субнациональных субъектов, участвующих в международных инициативах или сотрудничестве в целях развития. Многоуровневые и многосторонние партнерства объединяют участников и способствуют обмену передовым опытом, а поддержка точно соответствует потребностям и местному контексту).
A18: Belgium | F18: 6.1 | G18: Никаких механизмов не существует, и нет никаких формальных планов или действий по их разработке. | H18: Механизмов нет, однако есть официальные планы по их разработке, либо они в настоящее время находятся в стадии разработки. | I18: Механизмы участия заинтересованных сторон в разработке политики устойчивого развития на основе принципа участия всего общества существуют, но не реализуются. (Например, эти механизмы не стали неотъемлемой частью политического цикла, или информация не используется систематически при принятии решений для обеспечения согласованности политики или устойчивого развития; или сохраняются нормативные пробелы). | J18: Механизмы участия заинтересованных сторон в разработке политики устойчивого развития на основе принципа участия всего общества существуют, но реализуются лишь частично. (Например, ряд факторов может ограничивать реализацию. К ним относятся недостаточная политическая воля, неадекватное взаимодействие с заинтересованными сторонами, пробелы в нормативной базе, а также нехватка ресурсов или возможностей). | K18: Механизмы участия заинтересованных сторон в разработке политики устойчивого развития на основе подхода, охватывающего все общество, и в разработке инициатив в области СПУР внедрены и полностью реализуются благодаря подходам, предполагающим участие. (Например, созданы специализированные форумы и возможности для разработки рекомендаций по повышению согласованности политики и предоставления аналитического и стратегического вклада в устойчивое развитие, подкрепленного специальными нормативными положениями. Участие касается соответствующих представителей гражданского общества, академических кругов, частного сектора, профсоюзов и организаций работодателей, работающих в координации с государственными министерствами. Консультации должны проводиться комплексно на различных этапах политического цикла. Заинтересованным сторонам предоставляется подготовительная информация и обратная связь по результатам процесса).
A19: Belize | F19: 6.2 | G19: Никаких механизмов не существует, и нет никаких формальных планов или действий по их разработке. | H19: Механизмов нет, однако есть официальные планы по их разработке, либо они в настоящее время находятся в стадии разработки. | I19: Правительство создало механизмы для взаимодействия с маргинализированными и уязвимыми группами общества и поддержки их участия в процессе принятия решений в целях содействия инклюзивному устойчивому развитию, однако эти механизмы не реализуются. (Например, эти инициативы не были доведены до сведения общественности, или их результаты не были учтены в стратегиях инклюзивного социального и экономического развития, или сохраняются нормативные пробелы). | J19: Правительство создало механизмы для взаимодействия с маргинализированными и уязвимыми группами общества и поддержки их участия в процессе принятия решений в целях содействия инклюзивному устойчивому развитию, однако они реализуются лишь частично. (Например, ряд факторов может ограничивать реализацию. К ним относятся недостаточная политическая воля, неадекватное взаимодействие с заинтересованными сторонами, пробелы в нормативной базе или нехватка ресурсов или возможностей). | K19: Правительство создало механизмы для взаимодействия с маргинализированными и уязвимыми группами общества и для поддержки их участия в процессе принятия решений в целях содействия инклюзивному устойчивому развитию. Эти механизмы были полностью реализованы и охватывают все соответствующие аспекты управления. (Например, эти инициативы были внедрены в отношении ключевых маргинализированных и уязвимых групп. Результаты были учтены при разработке стратегий, направленных на содействие инклюзивному социально-экономическому развитию, и планов действий, которые комплексно внедряют принцип «никого не оставить позади» в государственную политику и меры реформ, уделяя особое внимание целевым мерам, направленным на поддержку наиболее отстающих и содействие правам человека, гендерному равенству и социальной интеграции).
A20: Benin | F20: 6.3 | G20: Никаких механизмов не существует, и нет никаких формальных планов или действий по их разработке. | H20: Механизмов нет, однако есть официальные планы по их разработке, либо они в настоящее время находятся в стадии разработки. | I20: Правительство разработало механизмы взаимодействия с различными заинтересованными сторонами в рамках инициатив по повышению осведомленности общественности, мобилизации поддержки и продвижению согласованности политики в области устойчивого развития на различных уровнях управления, однако они не были реализованы. (Например, эти инициативы не были доведены до сведения общественности из-за таких факторов, как отсутствие политической воли, нехватка ресурсов, пробелы в нормативной базе и недостаточная вовлеченность). | J20: Правительство разработало механизмы взаимодействия с различными заинтересованными сторонами в рамках инициатив по повышению осведомленности общественности, мобилизации поддержки и продвижению согласованности политики в области устойчивого развития на различных уровнях управления, однако они реализованы лишь частично. (Например, ряд факторов может ограничивать реализацию, в том числе недостаточная политическая воля, пробелы в нормативной базе и недостаточное взаимодействие с заинтересованными сторонами). | K20: Правительство сотрудничало с различными заинтересованными сторонами в реализации инициатив по повышению осведомленности общественности, мобилизации поддержки и продвижению согласованности политики в области устойчивого развития на различных уровнях управления. Эти механизмы были полностью реализованы и охватывают все соответствующие аспекты управления. (Например, правительство сотрудничало с заинтересованными сторонами, поддерживая их участие в широком спектре инициатив, посвященных вопросам устойчивого развития. Были разработаны и проведены специальные кампании для достижения консенсуса по приоритетам повышения согласованности политики в области устойчивого развития, которые также получили распространение на международном уровне для распространения передового опыта и поощрения взаимного обучения).
... A26: Brunei Darussalam | F26: 8.3 | G26: Никаких механизмов не существует, и нет никаких формальных планов или действий по их разработке. | H26: Механизмов нет, однако есть официальные планы по их разработке, либо они в настоящее время находятся в стадии разработки. | I26: Механизмы оценки CПУР существуют, включая синергию и потенциальные компромиссы между отраслевыми политиками, но они не внедрены и не используются для принятия обоснованных решений. (Hапример, эти системы оценки не применяются из-за их административной нагрузки, отсутствия данных, или их результаты не доводятся до сведения лиц, принимающих решения, сохраняются нормативные пробелы, или механизмы пока не используются для принятия адаптивных мер). | J26: Механизмы оценки CПУР существуют, включая синергию и потенциальные компромиссы между отраслевыми политиками, но они реализованы лишь частично и используются для обоснования принятия решений и обеспечения принятия адаптивных мер. (Ряд проблем может препятствовать полной реализации. К ним могут относиться административная нагрузка, ограниченные технические возможности или нехватка данных, сохраняющиеся нормативные пробелы или ещё не в полной мере используемые механизмы для принятия адаптивных мер). | K26: Механизмы оценки CПУР, включая синергию и потенциальные компромиссы между отраслевыми политиками, существуют и полностью реализованы, что гарантирует использование результатов для принятия решений и адаптивных мер. (Hапример, эти системы оценки систематически используются для информирования лиц, принимающих решения, как неотъемлемая часть политического цикла, подкрепленная достаточными данными, потенциалом и нормативными положениями).
A27: Bulgaria
A28: Burkina Faso
A29: Burundi
A30: Cabo Verde
A31: Cambodia
A32: Cameroon
A33: Canada
A34: Central African Republic
A35: Chad
A36: Chile
A37: China
A38: Colombia
... A194: Zimbabwe

Sheet Points
A1: level | B1: id | C1: value
A2: Question | B2: 1.1 | C2: ='P1'!F5
A3: Question | B3: 1.2 | C3: ='P1'!F6
A4: Question | B4: 1.3 | C4: ='P1'!F7
A5: Question | B5: 2.1 | C5: ='P1'!F9
A6: Question | B6: 2.2 | C6: ='P1'!F10
A7: Question | B7: 2.3 | C7: ='P1'!F11
A8: Question | B8: 3.1 | C8: ='P1'!F13
A9: Question | B9: 3.2 | C9: ='P1'!F14
A10: Question | B10: 3.3 | C10: ='P1'!F15
A11: Question | B11: 4.1 | C11: ='P1'!F17
A12: Question | B12: 4.2 | C12: ='P1'!F18
A13: Question | B13: 4.3 | C13: ='P1'!F19
A14: Question | B14: 5.1 | C14: ='P1'!F21
A15: Question | B15: 5.2 | C15: ='P1'!F22
A16: Question | B16: 5.3 | C16: ='P1'!F23
A17: Question | B17: 6.1 | C17: ='P1'!F25
A18: Question | B18: 6.2 | C18: ='P1'!F26
A19: Question | B19: 6.3 | C19: ='P1'!F27
A20: Question | B20: 7.1 | C20: ='P1'!F29
A21: Question | B21: 7.2 | C21: ='P1'!F30
A22: Question | B22: 7.3 | C22: ='P1'!F31
A23: Question | B23: 8.1 | C23: ='P1'!F33
A24: Question | B24: 8.2 | C24: ='P1'!F34
A25: Question | B25: 8.3 | C25: ='P1'!F35
A26: Theme | B26: 1 | C26: =SUM(C2:C4) -> 0
A27: Theme | B27: 2 | C27: =SUM(C5:C7) -> 0
A28: Theme | B28: 3 | C28: =SUM(C8:C10) -> 0
A29: Theme | B29: 4 | C29: =SUM(C11:C13) -> 0
A30: Theme | B30: 5 | C30: =SUM(C14:C16) -> 0
A31: Theme | B31: 6 | C31: =SUM(C17:C19) -> 0
A32: Theme | B32: 7 | C32: =SUM(C20:C22) -> 0
A33: Theme | B33: 8 | C33: =SUM(C23:C25) -> 0
A34: Total | B34: _T | C34: =SUM(C26:C33) -> 0
